Cogmind - Beta 11.1 @@@ ROGUE MODE // 2022.12.21 @ 02:04:54 Player: Infomantis Result: Destroyed by P-80 Master with Gamma Rifle Performance ------------- Evolutions (9) 4500 Regions Visited (32) 6400 Robots Destroyed (337) 1685 Value Destroyed (15638) 15638 Prototype IDs (64) 1280 Alien Tech Used (8) 1600 Bonus (14655) 14655 TOTAL SCORE: 45758 Bonus ------- High Alert Combat Kills 726 Follower Combat Kills 1732 Network Hubs Disabled 400 Met Data Miner 300 Met Imprinter 300 Destroyed Z-Imprinter 1000 Met Warlord at Base 500 MAIN.C Attacked Warlord 500 Warlord Defense Kills 1472 Built Enhanced Grunts 300 Met R17 at Cetus 500 Used Core Reset Matrix 3000 Met R17 at Research 2000 Met Warlord at Research 2000 Scanned by Researcher 500 Pursued by Intercept 500 Friendly Fire -1075 Cogmind --------- Core Integrity 0/1600 Matter 290/300 Energy 79/100 System Corruption 0% Temperature Cool (0) Movement Core (50) Location -1/Access Parts ------- > --- POWER (3) -------- (None) > --- PROPULSION (7) --- (None) > --- UTILITY (12) ----- Advanced Gravity Neutralizer Advanced Targeting Computer > --- WEAPON (3) ------- (None) > --- INVENTORY (5) ---- Quantum Reactor Spacefold Activator Enhanced Nova Cannon Core Cannon Peak State ------------ > --- POWER ------------ Quantum Reactor Light Quantum Reactor > --- PROPULSION ------- Centrium Leg Centrium Leg High-density Centrium Leg Myomer Exoskeleton > --- UTILITY ---------- Advanced Cooling System Huge Storage Unit Advanced Matter Compressor Advanced Gravity Neutralizer Surveybot 24 Chip Advanced Targeting Computer Core Analyzer Medium Regenerative Plating Improved Force Field Hacking Suite Improved Hacking Suite System Restoration Module > --- WEAPON ----------- Multirail Sigix Broadsword > --- INVENTORY -------- Light Antimatter Reactor Light Quantum Reactor Biometal Leg High-density Centrium Leg Antigrav System Cooled Antigrav System Combat Antigrav System Combat Linear Gravjet Combat Linear Gravjet Combat Linear Gravjet Large Storage Unit Zionite Metafield Generator Centrium Medium Armor Plating Advanced Force Field Antimissile System Improved Hacking Suite Improved Trap Extractor Advanced Trap Extractor Sensor Drone Bay Core Cannon Compact Linear Accelerator Neutron Missile Launcher Sigix Terminator [Rating: 211] Favorites ----------- Power Micro Fission Core Engine Light Angular Momentum Engine Power Core Micro Fission Core Reactor Light Quantum Reactor Propulsion Enhanced Biometal Leg Treads Light Treads Leg Enhanced Biometal Leg Hover Unit Combat Linear Gravjet Utility Large Storage Unit Device Advanced Heat Sink Storage Large Storage Unit Processor Core Analyzer Hackware Improved Hacking Suite Protection Medium Regenerative Plating Artifact Phase Redirector Weapon Compact Linear Accelerator Energy Gun Precision Beam Rifle Energy Cannon Beam Cannon Ballistic Gun Heavy Assault Rifle Ballistic Cannon Compact Linear Accelerator Launcher Neutron Missile Launcher Impact Weapon Makeshift Hammer Slashing Weapon Centrium Greatsword Special Melee Weapon Improved Datajack Build | -11 -10 -10 -9 -9 -8 -7 -7 -7 -7 -6 -6 -6 -6 -6 -6 -5 -5 -5 -5 -5 -5 -4 -4 -4 -4 -3 -3 -3 -2 -2 -2 -1 ------- Run | Scr Mat Min Mat Min Mat Fac Low Low Dat Pro Fac Low Low Zio Dee Pro Fac Ext Cet Arc Hub Fac Upp Upp War Pro Res Qua Res Tes Sec Acc Slots Evolved 18 | . . . 2 . 2 2 . . . . 2 . . . . . 2 . . . . 2 . . . . 2 . 2 . . 2 Power 2 | . . . . . . . . . . . . . . . . . 1 . . . . . . . . . . . . . . 1 Propulsion 5 | . . . 1 . 1 . . . . . . . . . . . . . . . . 1 . . . . . . 1 . . 1 Utility 10 | . . . 1 . . 2 . . . . 2 . . . . . 1 . . . . 1 . . . . 2 . 1 . . . Weapon 1 | . . . . . 1 . . . . . . . . . . . . . . . . . . . . . . . . . . . Parts Attached 658 | 9 19 1 18 7 32 5 11 11 3 10 55 4 12 15 47 19 61 27 10 18 4 18 4 7 16 10 21 34 30 37 41 42 Power 60 | 1 2 . 1 . 7 1 . 1 . . 5 1 . 1 2 . 5 2 . 1 . . . 1 1 . 3 2 3 5 5 10 Engine 18 | 1 1 . 1 . 6 1 . 1 . . 4 . . . . . . . . 1 . . . . . . . . . . 1 1 Core 14 | . 1 . . . 1 . . . . . 1 1 . 1 1 . 3 2 . . . . . 1 1 . 1 . . . . . Reactor 28 | . . . . . . . . . . . . . . . 1 . 2 . . . . . . . . . 2 2 3 5 4 9 Propulsion 150 | 2 6 . 9 1 10 1 2 2 . . 16 . 5 1 19 . 16 6 . 1 2 4 . . 2 . 4 3 10 10 7 11 Treads 30 | . 4 . 9 1 8 1 2 2 . . 3 . . . . . . . . . . . . . . . . . . . . . Leg 91 | 2 2 . . . 2 . . . . . 13 . 5 1 10 . 11 6 . 1 2 4 . . 1 . 2 3 6 10 7 3 Wheel . | . . . . . . . . . . . . . . . . . . . . . . . . . . . . . . . . . Hover 29 | . . . . . . . . . . . . . . . 9 . 5 . . . . . . . 1 . 2 . 4 . . 8 Flight . | . . . . . . . . . . . . . . . . . . . . . . . . . . . . . . . . . Utility 283 | 4 4 . 4 2 10 3 7 8 . 10 23 3 4 4 19 11 24 11 3 6 2 11 4 5 9 5 9 19 10 17 18 14 Device 148 | 3 3 . 1 1 3 1 4 4 . 5 14 2 1 2 9 7 13 4 1 4 1 3 2 3 6 3 6 9 6 8 7 12 Storage 14 | 1 1 . 1 . . . . . . . 1 . . . 1 . 1 1 . . . . . . . 1 . 2 1 1 1 1 Processor 24 | . . . . . 1 1 . . . . 2 1 1 . . . 3 . . . . . . . 1 . 1 3 1 3 5 1 Hackware 11 | . . . . . . . . . . . 2 . . . . . 2 . . . . 3 . . . . 2 . . 1 1 . Protection 85 | . . . 2 1 6 1 3 4 . 5 4 . 2 2 9 4 5 6 2 2 1 5 2 2 2 1 . 4 2 4 4 . Artifact 1 | . . . . . . . . . . . . . . . . . . . . . . . . . . . . 1 . . . . Weapon 165 | 2 7 1 4 4 5 . 2 . 3 . 11 . 3 9 7 8 16 8 7 10 . 3 . 1 4 5 5 10 7 5 11 7 Energy Gun 41 | 1 5 . . . 2 . 2 . 2 . 5 . 2 6 7 2 1 . . . . 1 . . 1 . . . . 1 3 . Energy Cannon 11 | . . . 1 1 . . . . . . . . . . . . 1 . . . . . . . . . . 1 . 1 1 5 Ballistic Gun 23 | 1 1 1 3 1 2 . . . 1 . 3 . . . . 3 1 . . . . . . . . . . 2 1 . 2 1 Ballistic Cannon 43 | . . . . . . . . . . . . . . . . 2 9 4 4 5 . 2 . . 2 3 2 2 . 2 5 1 Launcher 22 | . . . . 1 1 . . . . . . . 1 . . 1 1 4 2 . . . . . 1 2 3 1 4 . . . Special Weapon . | . . . . . . . . . . . . . . . . . . . . . . . . . . . . . . . . . Impact Weapon 1 | . . . . . . . . . . . . . . 1 . . . . . . . . . . . . . . . . . . Slashing Weapon 12 | . . . . . . . . . . . . . . . . . 2 . 1 1 . . . 1 . . . 4 2 1 . . Piercing Weapon . | . . . . . . . . . . . . . . . . . . . . . . . . . . . . . . . . . Special Melee Weapon 12 | . 1 . . 1 . . . . . . 3 . . 2 . . 1 . . 4 . . . . . . . . . . . . Unidentified Prototypes 57 | . . . . 1 2 . . . . 1 2 . . . 11 . 12 1 2 . 1 . . . 4 . 1 10 1 4 2 2 Corrupted Parts 1 | . . . . . . . . . . . . . . . . . . 1 . . . . . . . . . . . . . . System Corruption 3 | . . . . . . . . . . . . . . . . . . 3 . . . . . . . . . . . . . . Parts Lost 123 | . 5 . 3 1 5 . . . . . 21 . . . 7 3 7 2 . . . . . 1 . . 1 2 4 8 16 37 Power 23 | . 1 . . . 1 . . . . . 3 . . . . . 1 1 . . . . . 1 . . . . . 2 4 9 Propulsion 31 | . 2 . 1 . 2 . . . . . 6 . . . 3 . 1 1 . . . . . . . . . . . . 1 14 Utility 49 | . 1 . 2 1 2 . . . . . 7 . . . 1 . 4 . . . . . . . . . 1 2 3 4 8 13 Weapon 20 | . 1 . . . . . . . . . 5 . . . 3 3 1 . . . . . . . . . . . 1 2 3 1 Highest Loss Streak 36 | . 4 . 1 1 3 . . . . . 18 . . . 5 1 3 1 . . . . . 1 . . 1 2 2 5 10 36 To Critical Strikes 1 | . . . . . . . . . . . . . . . . . . 1 . . . . . . . . . . . . . . Average Slot Usage (%) 95 | . 95 100 97 95 97 99 100 100 78 100 94 99 100 99 97 99 94 95 99 93 94 98 100 99 93 94 96 94 94 84 75 84 Engine 2 | . 9 . . 11 6 7 7 7 7 7 4 . . . . . . . . 4 5 5 5 2 . . . . . . . . Core 4 | . 2 14 10 . 1 . . . . . 1 6 6 6 5 6 7 9 11 5 5 5 5 7 10 10 6 . . . . . Reactor 1 | . . . . . . . . . . . . . . . . . 1 . . . . . . . . . 1 7 8 7 5 9 Treads 6 | . 9 28 32 33 30 25 30 30 30 30 1 . . . . . . . . . . . . . . . . . . . . . Leg 19 | . 18 . . . 5 4 . . . . 23 26 26 26 23 26 22 23 23 23 23 25 26 26 26 26 23 23 25 17 20 18 Device 15 | . 12 14 14 12 5 11 11 12 7 12 18 25 25 18 16 24 13 15 11 11 13 10 14 13 17 21 18 15 19 16 15 16 Storage 6 | . 14 14 11 11 9 7 7 7 7 7 6 6 6 6 6 6 5 5 5 5 5 5 5 5 5 5 4 6 4 4 5 7 Processor 10 | . . . . . 1 7 7 7 7 7 9 13 13 13 13 13 17 11 11 11 11 10 10 10 8 5 4 13 15 13 13 15 Hackware 1 | . . . . . . . . . . . 4 . . . . . 2 . . . . 4 . . . . 8 5 4 6 1 . Protection 8 | . . . 5 6 10 10 11 9 15 9 3 . . 7 8 1 3 11 16 16 14 15 15 16 14 14 14 8 6 6 2 2 Energy Gun 8 | . 13 14 8 . 16 15 15 15 1 15 16 20 19 17 19 7 3 . . . . 4 5 5 2 . . . . . 3 . Ballistic Gun 2 | . 13 14 11 8 9 7 7 7 . 7 1 . . . . 8 1 . . . . . . . . . . 2 1 1 . 5 Ballistic Cannon 2 | . . . . . . . . . . . . . . . . 2 7 11 10 5 5 10 10 9 2 4 5 1 2 2 4 3 Slashing Weapon 1 | . . . . . . . . . . . . . . . . . 1 2 . 4 5 . . . 5 5 2 3 3 3 . . Naked Turns . | . . . . . . . . . . . . . . . . . . . . . . . . . . . . . . . . . Heaviest Build 195 | 15 20 20 37 46 57 59 61 61 54 60 61 59 61 53 53 71 91 92 92 92 77 86 86 86 106 123 126 126 195 179 174 169 Greatest Support 210 | 20 40 40 60 60 80 80 80 82 82 82 78 66 66 66 79 79 114 114 90 100 116 150 150 150 150 150 150 154 196 210 176 206 Greatest Overweight (x) 23 | . . . . . 2 . . . . . 2 . . . 2 1 2 1 1 23 . . . . . . 1 . 1 . 1 1 Average Overweight (x) . | . . . . . . . . . . . . . . . . . . . . 10 . . . . . . . . . . . . Largest Inventory Capacity 25 | 8 10 10 15 15 15 15 15 15 15 15 15 15 15 15 15 15 15 15 15 15 15 15 15 15 15 20 20 20 25 25 25 25 Average Capacity 16 | 7 9 10 14 15 15 15 15 15 15 15 15 15 15 15 15 15 15 15 15 15 15 15 15 15 15 19 20 20 23 25 25 23 Most Carried 25 | 8 10 10 15 15 15 15 15 15 15 15 15 15 15 15 15 15 15 15 15 15 15 15 15 15 15 20 20 20 25 25 25 25 Average Carried 16 | 5 9 10 14 14 14 13 14 14 15 14 14 14 14 14 14 15 14 14 14 14 15 14 14 14 14 18 19 19 23 24 24 22 Final Capacity 25 | 8 10 10 15 15 15 15 15 15 15 15 15 15 15 15 15 15 15 15 15 15 15 15 15 15 15 20 20 20 25 25 25 5 Final Carried 25 | 8 10 10 15 15 15 15 15 15 15 15 15 15 15 15 15 15 15 15 15 15 15 15 15 15 15 20 20 20 25 24 25 5 Class Distribution -------------------- 29% | Scavenger-Mutant 19% | Scavenger-Gunner 15% | Scavenger-Tank 14% | Trapper-Mutant 5% | Mutant 3% | Scavenger-Skirmisher Dominant Class ---------------- Mutant | -10/Materials Scavenger-Mutant | -10/Mines Scavenger-Mutant | -9/Materials Scavenger-Mutant | -9/Mines Scavenger-Tank | -8/Materials Scavenger-Tank | -7/Factory Scavenger-Tank | -7/Lower Caves Scavenger-Tank | -7/Lower Caves Scavenger-Mutant | -7/Data Miner Scavenger-Tank | -6/Proximity Caves Scavenger-Skirmisher | -6/Factory Scavenger-Gunner | -6/Lower Caves Scavenger-Gunner | -6/Lower Caves Scavenger-Gunner | -6/Zion Scavenger-Gunner | -6/Deep Caves Scavenger-Gunner | -5/Proximity Caves Trapper-Gunner | -5/Factory Scavenger-Tank | -5/Extension Scavenger-Mutant | -5/Cetus Scavenger-Mutant | -5/Archives Scavenger-Mutant | -5/Hub_04(d) Scavenger-Mutant | -4/Factory Trapper-Mutant | -4/Upper Caves Trapper-Tank | -4/Upper Caves Trapper-Mutant | -4/Warlord Trapper-Mutant | -3/Proximity Caves Trapper-Mutant | -3/Research Scavenger-Mutant | -3/Quarantine Trapper-Gladiator | -2/Research Scavenger-Mutant | -2/Testing Trapper-Mutant | -2/Section 7 Scavenger-Mutant | -1/Access Resources | -11 -10 -10 -9 -9 -8 -7 -7 -7 -7 -6 -6 -6 -6 -6 -6 -5 -5 -5 -5 -5 -5 -4 -4 -4 -4 -3 -3 -3 -2 -2 -2 -1 ----------- Run | Scr Mat Min Mat Min Mat Fac Low Low Dat Pro Fac Low Low Zio Dee Pro Fac Ext Cet Arc Hub Fac Upp Upp War Pro Res Qua Res Tes Sec Acc Matter Collected 13042 | 355 396 19 196 270 512 75 152 170 . 135 717 61 139 45 552 456 1444 755 261 525 40 98 206 264 587 204 378 411 488 903 1252 976 Remotely . | . . . . . . . . . . . . . . . . . . . . . . . . . . . . . . . . . Salvage Created 16817 | 143 787 31 590 292 1034 111 148 118 . 124 2427 . 448 . 131 387 2833 549 178 320 153 94 19 174 591 92 294 838 988 1473 1020 430 Parts 776 | 13 44 4 37 16 45 6 7 7 . 5 67 . 23 . 12 20 101 28 12 21 10 5 1 10 27 8 24 36 38 85 55 9 Haulers Intercepted 21 | . 2 . 1 . 4 1 . . . . 6 . . . . . 6 1 . . . . . . . . . . . . . . Recyclers Shooed 8 | . . . . . 2 . . . . . . . . . . . 2 . . . . . . . . . . . . . 2 2 Parts Field Recycled . | . . . . . . . . . . . . . . . . . . . . . . . . . . . . . . . . . Retrieved Matter . | . . . . . . . . . . . . . . . . . . . . . . . . . . . . . . . . . Parts Self-Destructed 60 | . . . . . . . 5 13 . 8 . 1 5 3 . 12 . . . . . . 1 9 . 3 . . . . . . Prevented 5 | . . . . . . . . . . . . . 4 . . 1 . . . . . . . . . . . . . . . . Kills | -11 -10 -10 -9 -9 -8 -7 -7 -7 -7 -6 -6 -6 -6 -6 -6 -5 -5 -5 -5 -5 -5 -4 -4 -4 -4 -3 -3 -3 -2 -2 -2 -1 ------- Run | Scr Mat Min Mat Min Mat Fac Low Low Dat Pro Fac Low Low Zio Dee Pro Fac Ext Cet Arc Hub Fac Upp Upp War Pro Res Qua Res Tes Sec Acc Combat Hostiles Destroyed 244 | . 16 3 11 10 16 1 2 4 . 2 21 . 8 . 1 9 24 6 10 1 2 2 . 4 11 8 10 10 14 20 13 5 Melee 48 | . . . . . . . . . . . . . . . . . 6 1 . . 2 . . . 2 . 4 10 7 16 . . Guns 91 | . 16 3 9 5 12 1 2 4 . 2 17 . 5 . 1 5 2 . . . . . . 1 . . . . 2 . 2 2 Cannons 52 | . . . 2 3 1 . . . . . . . . . . . 16 2 1 1 . 2 . 3 3 . . . . 4 11 3 AOE 49 | . . . . 2 3 . . . . . 1 . 2 . . 4 . 3 9 . . . . . 6 8 6 . 5 . . . Classes Destroyed 27 | 1 6 . 2 1 3 . 2 1 . . 2 . . . 1 . 1 . . . . . . . 3 . . 1 1 . 2 . Worker 14 | . 1 . 1 . 2 . . . . . 3 . . . . . 4 1 . . 1 . . . . . 1 . . . . . Builder 6 | . 2 . . 1 . . . . . . . . . . . . . 2 . . . . . . . . . . . 1 . . Tunneler 9 | 7 . . . 1 . . . . . . 1 . . . . . . . . . . . . . . . . . . . . . Hauler 21 | . 2 . 1 . 4 1 . . . . 6 . . . . . 6 1 . . . . . . . . . . . . . . Recycler 15 | . . . . . 1 . . . . . 3 . . . . . 8 1 . . . . . . . . . 1 . . . 1 Minesweeper 4 | . . . . . . . 1 . . . . . . . . 2 . . . . . . 1 . . . . . . . . . Operator 13 | . 1 . . . . . . . . . . . . . . . . . . 7 . . . . . . 1 . 2 2 . . Drone 2 | . . . . . . . . . . . 1 . . . . 1 . . . . . . . . . . . . . . . . Watcher 6 | . . . 1 . 2 . . . . . . . . . . . . 1 2 . . . . . . . . . . . . . Swarmer 47 | . 3 3 . 6 2 . . 3 . . . . 2 . . 2 . 2 4 . . . . . 1 8 9 . 2 . . . Grunt 85 | . 13 . 5 3 9 . 1 . . . 13 . . . . 5 10 3 . . 2 . . . 1 . . 3 5 4 4 4 Brawler 2 | . . . . 1 . . . . . . . . . . . . . . . . . . . . . . . . 1 . . . Protector 3 | . . . . . . . . . . . . . . . . . 1 . . . . . . . 2 . . . . . . . Researcher 1 | . . . . . . . . . . . . . . . . . . . . . . . . . . . . . . . 1 . Sentry 23 | . . . 6 . 2 1 . . . . 3 . . . . 1 3 1 . 1 . . . . . . . . 1 3 1 . Demolisher 3 | . . . . . . . . . . . . . . . . . . . . . . . . . 2 . . . 1 . . . Specialist 3 | . . . . . 2 . . . . . . . . . . . . . . . . . . . 1 . . . . . . . Hunter 19 | . . . . . . . . 1 . 2 3 . . . . 1 3 . . . . . . . . . 1 . 2 4 2 . Programmer 37 | . . . . . . . . . . . 2 . . . . . 7 . . . . 2 . 4 3 . . 6 . 9 4 . Heavy 1 | . . . . . 1 . . . . . . . . . . . . . . . . . . . . . . . . . . . Q-Series 2 | . . . . . . . . . . . . . . . . . . . . . . . . . . . . . . . 2 . Cetus Guard 6 | . . . . . . . . . . . . . . . . . . . 6 . . . . . . . . . . . . . Tracker 1 | . . . . . . . . . . . . . . . . . . . . . . . . . . . . . . . . 1 Striker 1 | . . . . . . . . . . . . . . . . . . . . . . . . . . . . . 1 . . . Executioner 2 | . . . . . . . . . . . . . . . . . . . . . . . . . 1 . . . 1 . . . Alpha 7 1 | . . . . . . . . . . . . . . . . . . . . . . . . . . . . 1 . . . . Z-Light 1 | . . . . . . . . . . . . . . . 1 . . . . . . . . . . . . . . . . . Thug 5 | . . . . . . . . . . . . . 4 . . . . . . . . . . . 1 . . . . . . . Savage 2 | . . . . . . . . . . . . . 1 . 1 . . . . . . . . . . . . . . . . . Butcher 1 | . . . . . . . . . . . . . . . . . . . . . . . . . 1 . . . . . . . Mutant 2 | . . . . . . . 1 . . . . . 1 . . . . . . . . . . . . . . . . . . . Sapper 1 | . . . . . . . . . . . . . . . . . . . . . . . . . 1 . . . . . . . Best Kill Streak 11 | 3 4 3 4 4 9 2 1 3 . 1 5 . 2 . 1 5 9 3 4 2 3 2 1 2 5 4 11 3 6 5 4 4 Combat Bots Only 10 | . 3 3 2 3 6 1 1 3 . 1 4 . 2 . 1 5 6 3 4 1 2 2 . 2 5 4 10 3 5 5 4 4 Max Kills in Single Turn 5 | 1 2 1 1 2 2 1 1 2 . 1 2 . 2 . 1 2 2 3 4 1 1 1 1 1 5 2 4 1 2 1 2 2 Gunslinging 1 | . 1 . . . . . . 1 . . . . . . . . . . . . . . . . . . . . . . . . Exploded 5 | . . . . 1 1 . . . . . 1 . 2 . . 2 . 3 4 . . . . . 5 2 3 . 2 . . . Melee 1 | . . . . . . . . . . . . . . . . . 1 1 . . 1 . . . 1 . 1 1 1 1 . . Uniques/NPCs Destroyed 1 | . . . . . . . . . . . . . . . 1 . . . . . . . . . . . . . . . . . Z-Imprinter (-6/Deep Caves) Combat | -11 -10 -10 -9 -9 -8 -7 -7 -7 -7 -6 -6 -6 -6 -6 -6 -5 -5 -5 -5 -5 -5 -4 -4 -4 -4 -3 -3 -3 -2 -2 -2 -1 -------- Run | Scr Mat Min Mat Min Mat Fac Low Low Dat Pro Fac Low Low Zio Dee Pro Fac Ext Cet Arc Hub Fac Upp Upp War Pro Res Qua Res Tes Sec Acc Damage Taken 36153 | . 852 157 635 528 1252 237 115 162 . 219 3163 . 233 . 1072 559 2463 764 655 69 436 79 108 421 420 24 1088 1286 3935 4253 3832 7136 Core 4953 | . 178 51 78 69 164 56 . . . 17 411 . 17 . 145 97 436 59 68 . 23 . . 20 69 . 89 94 604 209 386 1613 Absorbed by Shields 1115 | . . . . . . . . . . . . . . . . . . . . . . . . . 286 23 44 152 112 324 174 . Redirected to Shielding 174 | . . . . . . . . . . . . . . . . . 40 67 . . . 11 19 . . . . . . . 37 . Regen/Repaired (Parts) 4905 | . . . . . . . . . . . . . . . . . 160 86 149 209 2 808 42 78 20 . 23 959 1039 1251 79 . Core Remaining (%) 58 | 100 . 8 . 63 70 . . . . 89 . . . . . 21 . . . . 41 . . . . 92 . 85 . . 14 . Volleys Fired 801 | 24 81 9 45 31 44 5 11 7 . 7 96 . 13 . 20 57 80 19 15 2 . 3 13 7 55 5 12 9 14 26 54 37 Largest 3 | 2 2 2 2 2 3 3 3 3 . 3 3 . 3 . 3 3 3 3 3 2 . 3 3 3 1 1 2 1 1 1 3 3 Hottest 300 | 70 85 85 88 90 145 145 145 145 . 145 235 . 235 . 235 193 275 210 210 140 . 228 228 228 88 49 140 70 70 300 245 170 Shots Fired 1587 | 48 153 18 87 59 118 15 27 21 . 21 245 1 36 . 41 104 176 53 27 4 . 7 22 22 55 5 13 9 14 25 92 69 Gun 1113 | 48 153 18 73 27 105 15 27 21 . 21 245 1 35 . 41 97 63 . . . . 2 3 7 11 . . 2 7 4 56 31 Cannon 431 | . . . 14 28 6 . . . . . . . . . . . 113 52 16 4 . 5 19 15 43 . 11 7 3 21 36 38 Launcher 43 | . . . . 4 7 . . . . . . . 1 . . 7 . 1 11 . . . . . 1 5 2 . 4 . . . Special . | . . . . . . . . . . . . . . . . . . . . . . . . . . . . . . . . . Kinetic 747 | 24 76 9 43 27 43 5 5 7 . 7 26 . . . . 45 123 52 16 4 . 5 19 15 43 . 11 9 10 23 36 64 Thermal 797 | 24 77 9 44 28 68 10 22 14 . 14 219 1 35 . 41 52 53 . . . . 2 3 7 11 . . . . 2 56 5 Explosive 43 | . . . . 4 7 . . . . . . . 1 . . 7 . 1 11 . . . . . 1 5 2 . 4 . . . Electromagnetic . | . . . . . . . . . . . . . . . . . . . . . . . . . . . . . . . . . Robot Hit Streak 44 | 8 12 3 13 6 19 12 11 7 . 5 17 . 13 . 4 10 16 8 2 5 . 3 1 8 6 . 6 . 10 9 44 12 Robot Miss Streak 10 | 4 4 4 4 5 2 1 1 2 . 1 4 . 2 . 4 5 7 4 2 . . 1 3 2 2 . 3 . 2 1 6 10 Penetration Max 1 | . . . . . . . . . . . 1 . . . . . 1 . . . . . . . . . . . . 1 1 1 Secondary Targets 13 | . 3 1 . . 2 . . 1 . . 5 . . . . . . . . . . . . . . . . . . . 1 . Max Gunslinging Chain 1 | . 1 1 . . 1 . . 1 . . 1 . . . . . . . . . . . . . . . . . . . 1 . Capacitor 1 | . . . . . . . . . . . . . . . . . . . . . . . . . . . . . . . 1 . Shots Hit Robots 1130 | 24 107 7 56 29 78 11 20 13 . 15 183 . 26 2 22 45 133 27 5 13 2 3 3 13 30 . 10 37 33 65 76 42 Core Hits 636 | 7 41 3 26 14 43 4 9 6 . 6 79 . 13 . 12 34 60 20 33 3 3 2 2 6 25 6 13 14 38 31 55 28 Critical Kills 28 | . . . . 1 . . . . . . . . 2 . . . 13 . . . . . . . . . . . 1 1 10 . Critical Parts Destroyed 32 | . . . . . . . . . . . 1 . 1 . . . 7 . . . . . . . . . . . . 1 10 12 Critical Strikes 134 | . . . . 1 8 1 2 1 . 1 16 . 5 . . . 23 2 . . . . 1 . 4 . . 6 3 11 30 19 Burn 35 | . . . . . 8 1 2 1 . 1 15 . 2 . . . 1 . . . . . . . . . . . . . 4 . Destroy 68 | . . . . 1 . . . . . . 1 . 3 . . . 20 . . . . . . . . . . . 1 3 24 15 Blast 15 | . . . . . . . . . . . . . . . . . 1 2 . . . . 1 . 4 . . . . 1 2 4 Sever 16 | . . . . . . . . . . . . . . . . . 1 . . . . . . . . . . 6 2 7 . . Melee Attacks 230 | . . . . 1 . . . . . . 1 . . 12 . . 33 3 1 10 4 . . . 3 . 10 52 34 66 . . Impact 10 | . . . . . . . . . . . . . . 10 . . . . . . . . . . . . . . . . . . Slashing 213 | . . . . . . . . . . . . . . . . . 33 3 1 7 4 . . . 3 . 10 52 34 66 . . Piercing . | . . . . . . . . . . . . . . . . . . . . . . . . . . . . . . . . . Sneak Attacks 29 | . . . . 1 . . . . . . 1 . . 2 . . 9 . . 10 . . . . . . . 1 2 3 . . Combat Hostiles 1 | . . . . . . . . . . . . . . . . . . . . . . . . . . . . . 1 . . . Follow-up Attacks . | . . . . . . . . . . . . . . . . . . . . . . . . . . . . . . . . . Damage Inflicted 46278 | 309 1332 81 837 648 2013 180 356 266 . 243 3731 . 790 . 720 1697 5405 1864 2574 1364 158 130 153 636 2395 1481 2010 2997 3414 5144 1911 1439 Guns 14383 | 309 1332 81 611 220 1290 180 356 266 . 243 3705 . 585 . 720 1003 1214 . . . . 32 25 161 . . . . 176 156 1212 506 Cannons 8679 | . . . 226 264 70 . . . . . . . . . . . 1794 1279 153 106 . 98 128 452 1501 . 55 . . 1135 686 732 Explosions 9889 | . . . . 164 653 . . . . . . . 205 . . 694 . 462 2420 . . . . . 740 1481 1447 . 1623 . . . Melee 12971 | . . . . . . . . . . . . . . . . . 2393 73 . 1246 132 . . . 154 . 508 2997 1615 3853 . . Ramming 356 | . . . . . . . . . . . 26 . . . . . 4 50 1 12 26 . . 23 . . . . . . 13 201 Kinetic 11073 | 124 648 25 281 220 404 47 60 64 . 24 329 . . . . 481 1803 1279 153 106 . 98 128 452 1501 . 55 . 176 691 686 1238 Thermal 12618 | 185 684 56 556 264 956 133 296 202 . 219 3376 . 585 . 720 522 1205 82 186 . . 32 25 161 361 . . . . 600 1212 . Explosive 9260 | . . . . 164 653 . . . . . . . 205 . . 694 . 380 2234 . . . . . 379 1481 1447 . 1623 . . . Electromagnetic . | . . . . . . . . . . . . . . . . . . . . . . . . . . . . . . . . . Impact . | . . . . . . . . . . . . . . . . . . . . . . . . . . . . . . . . . Slashing 12971 | . . . . . . . . . . . . . . . . . 2393 73 . 1246 132 . . . 154 . 508 2997 1615 3853 . . Piercing . | . . . . . . . . . . . . . . . . . . . . . . . . . . . . . . . . . Highest Corruption 13 | . . . 1 1 . 2 2 2 2 2 2 2 2 2 . . 9 13 13 13 . 1 1 5 5 3 . 8 1 13 13 . Average Corruption 3 | . . . 1 1 . 1 2 2 2 2 1 2 2 2 . . 4 9 13 8 . 1 1 3 3 3 . 4 1 7 13 . Corruption Purged 14 | . . . . . . . . . . . . . . . . . . . . 13 . . . . . . . . 1 . . . Corruption Blocked . | . . . . . . . . . . . . . . . . . . . . . . . . . . . . . . . . . Effects 296 | . . . 4 6 . . 22 19 . 8 7 17 14 . . . 21 32 8 8 . 2 9 8 3 7 . 20 2 33 46 . Message Errors 74 | . . . 1 1 . . 6 7 . 3 1 6 2 . . . 5 5 3 1 . . 4 1 1 1 . 5 1 11 9 . Matter Fused 71 | . . . . 2 . . 3 5 . 3 1 3 3 . . . 4 8 4 3 . 2 1 2 . 3 . 4 1 8 11 . Heat Flow Errors 38 | . . . . 2 . . 2 2 . . 1 3 1 . . . 4 4 . 1 . . 1 1 1 1 . 4 . 5 5 . Energy Discharges 26 | . . . . . . . 2 1 . 1 1 1 3 . . . 1 3 . 1 . . . . . 2 . 2 . 1 7 . Parts Rejected 3 | . . . . . . . . . . . . . . . . . . . . 1 . . . . . . . 1 . . 1 . Data Loss (minor) 34 | . . . . 1 . . 4 1 . . 2 2 . . . . 4 8 1 . . . 1 2 1 . . 2 . 3 2 . Data Loss (major) 13 | . . . . . . . 2 1 . 1 . 1 3 . . . 1 . . . . . 1 1 . . . . . 1 1 . Misfires 10 | . . . . . . . 1 . . . 1 1 . . . . 1 2 . . . . 1 1 . . . . . . 2 . Alerts 11 | . . . . . . . 1 2 . . . . 2 . . . . 1 . 1 . . . . . . . 2 . 1 1 . Misdirections 7 | . . . . . . . . . . . . . . . . . . 1 . . . . . . . . . . . 2 4 . Weapon Failures 9 | . . . 3 . . . 1 . . . . . . . . . 1 . . . . . . . . . . . . 1 3 . Overload Shots . | . . . . . . . . . . . . . . . . . . . . . . . . . . . . . . . . . Overflow Damage 2549 | . . . . 15 9 . . . . . . . . . . . 367 31 46 834 . . 6 44 68 465 121 213 . 280 19 31 Projectiles 197 | . . . . . . . . . . . . . . . . . 20 23 . . . . 6 44 63 . . . . 15 19 7 Explosions 603 | . . . . 15 9 . . . . . . . . . . . . 8 46 . . . . . 5 465 55 . . . . . Melee 1749 | . . . . . . . . . . . . . . . . . 347 . . 834 . . . . . . 66 213 . 265 . 24 Knockbacks 55 | . . . . . . . . . . . . . . . . . 3 5 . . 1 . 1 3 8 . 1 . . 1 14 18 Impact 3 | . . . . . . . . . . . . . . . . . . . . . 1 . . 1 . . . . . . . 1 Kinetic 47 | . . . . . . . . . . . . . . . . . 3 4 . . . . 1 2 6 . 1 . . 1 14 15 Secondary 5 | . . . . . . . . . . . . . . . . . . 1 . . . . . . 2 . . . . . . 2 Self-Inflicted Damage 322 | . . . . 38 35 . . . . . . . . . . . . 59 . . . . . . . . 91 . . . . 99 Shots 4 | . . . . 1 1 . . . . . . . . . . . . 1 . . . . . . . . 1 . . . . . Rammed 6 | . . . . . . . . . . . . . . . . . . . . 1 . . . . . . . . . . . 5 Targets Rammed 27 | . . . . . . . . . . . 3 . . . . . 2 6 1 2 3 . . 3 . . . . . . 2 5 Kicked 21 | . . . . . . . . . . . 3 . . . . . 2 6 1 1 3 . . 3 . . . . . . 2 . Crushed . | . . . . . . . . . . . . . . . . . . . . . . . . . . . . . . . . . Highest Temperature 752 | 45 138 290 52 213 206 322 238 213 . 54 317 212 156 . 242 . 396 466 248 246 . 117 234 318 115 198 15 170 . 373 752 270 Average Temperature 92 | 18 40 138 14 85 51 180 66 50 . 21 80 104 35 . 90 . 108 184 64 72 . 65 79 131 51 109 10 102 . 146 148 106 Received Heat Transfer 3933 | . 441 . 291 96 225 36 45 . . . 450 . 27 . 324 138 369 75 . . 18 . . . 4 . 9 75 306 239 270 495 Effects 23 | . . . . . . . . . . . 1 . . . . . 2 6 . . . . . 2 . . . . . 1 10 1 Shutdowns 10 | . . . . . . . . . . . . . . . . . . 4 . . . . . . . . . . . 1 5 . Energy Bleed 5 | . . . . . . . . . . . 1 . . . . . . 1 . . . . . . . . . . . . 3 . Interference 6 | . . . . . . . . . . . . . . . . . 2 . . . . . . 2 . . . . . . 1 1 Damage (minor) 2 | . . . . . . . . . . . . . . . . . . 1 . . . . . . . . . . . . 1 . Siege Activations . | . . . . . . . . . . . . . . . . . . . . . . . . . . . . . . . . . Robots Corrupted . | . . . . . . . . . . . . . . . . . . . . . . . . . . . . . . . . . Combat Hostiles . | . . . . . . . . . . . . . . . . . . . . . . . . . . . . . . . . . Parts Fried 1 | . . . . . . . . . . . . . . . . . . . . . . . . . . . . . . . . 1 Impact Corruptions 1 | . . . . . . . . . . . . . . . . . . . . . . . . . . . . . . . . 1 Robots Melted 4 | . . . . . . . . . . . 3 . 1 . . . . . . . . . . . . . . . . . . . Combat Hostiles 4 | . . . . . . . . . . . 3 . 1 . . . . . . . . . . . . . . . . . . . Parts Melted 60 | 1 2 . 2 1 6 1 1 . . 2 28 . 2 . . 1 4 . . . . . . . 5 . . . . 3 1 . Heat Transferred 24415 | 555 1679 148 1295 555 2664 370 814 481 . 555 7997 . 1229 . 738 592 1701 50 150 . . 37 37 185 400 . . . . . 2183 . Parts Sabotaged . | . . . . . . . . . . . . . . . . . . . . . . . . . . . . . . . . . Parts Stolen . | . . . . . . . . . . . . . . . . . . . . . . . . . . . . . . . . . Parts Stripped . | . . . . . . . . . . . . . . . . . . . . . . . . . . . . . . . . . Power Chain Reactions 4 | . . . . . . . . . . . . . . . . . . . 1 . . . . . 3 . . . . . . . Missiles Intercepted 3 | . . . . . . . . . . . . . . . . . . . . . . . . . 3 . . . . . . . Alert | -11 -10 -10 -9 -9 -8 -7 -7 -7 -7 -6 -6 -6 -6 -6 -6 -5 -5 -5 -5 -5 -5 -4 -4 -4 -4 -3 -3 -3 -2 -2 -2 -1 ------- Run | Scr Mat Min Mat Min Mat Fac Low Low Dat Pro Fac Low Low Zio Dee Pro Fac Ext Cet Arc Hub Fac Upp Upp War Pro Res Qua Res Tes Sec Acc Peak Influence 1142 | 35 335 129 338 442 432 220 . . . . 268 . . . . . 708 938 1142 733 477 300 . . . . 468 194 397 465 260 240 Initial 511 | . 22 44 50 89 115 123 . . . . 12 . . . . . . 345 511 456 19 233 . . . . . 4 . 165 131 117 Average 223 | 14 155 54 172 289 269 159 . . . . 113 . . . . . 233 623 848 288 214 165 . . . . 210 70 152 267 170 97 Maximum Alert Level 4 | . 1 . 1 2 2 1 . . . . 1 . . . . . 3 3 4 3 2 1 . . . . 2 . 1 2 1 1 Low Security (%) 56 | 100 57 100 59 12 33 65 . . . . 81 . . . . . 61 . . 50 44 53 . . . . 41 100 72 29 72 94 Level 1 27 | . 42 . 40 71 47 34 . . . . 18 . . . . . 7 8 . 24 50 46 . . . . 35 . 27 64 27 5 Level 2 10 | . . . . 16 18 . . . . . . . . . . . 22 55 47 13 5 . . . . . 23 . . 6 . . Level 3 4 | . . . . . . . . . . . . . . . . . 9 36 23 10 . . . . . . . . . . . . Level 4 . | . . . . . . . . . . . . . . . . . . . 29 . . . . . . . . . . . . . Level 5 . | . . . . . . . . . . . . . . . . . . . . . . . . . . . . . . . . . High Security . | . . . . . . . . . . . . . . . . . . . . . . . . . . . . . . . . . Max Security . | . . . . . . . . . . . . . . . . . . . . . . . . . . . . . . . . . Squads Dispatched 54 | . 3 . . . 2 4 . . . . 5 . . . . . 7 2 . . 5 2 . . . . 3 2 . 8 3 8 Investigation 15 | . 2 . . . . 3 . . . . 2 . . . . . 1 . . . 2 1 . . . . 2 . . 1 . 1 Extermination 14 | . . . . . . 1 . . . . 2 . . . . . 2 . . . . 1 . . . . . 2 . 3 2 1 Reinforcement 13 | . 1 . . . 2 . . . . . . . . . . . 1 1 . . 2 . . . . . 1 . . 4 1 . Assault 1 | . . . . . . . . . . . . . . . . . . 1 . . . . . . . . . . . . . . Garrison 5 | . . . . . . . . . . . 1 . . . . . 3 . . . 1 . . . . . . . . . . . Intercept 6 | . . . . . . . . . . . . . . . . . . . . . . . . . . . . . . . . 6 Searches Triggered . | . . . . . . . . . . . . . . . . . . . . . . . . . . . . . . . . . Data Miner Redirects 1 | . . . . . . . . . . . . . . . . . . . . . . . . . . . . . . 1 . . Construction Impeded 1 | . . . . . . . . . . . . . . . . . . . . . . . . . . . . . . 1 . . Haulers Reinforced 2 | . . . . . . . . . . . . . . . . . . . . . 1 . . . . . . . . 1 . . Active Scanning Responses . | . . . . . . . . . . . . . . . . . . . . . . . . . . . . . . . . . Cargo Convoy Interrupts 1 | . . . . . . . . . . . . . . . . . 1 . . . . . . . . . . . . . . . Stealth | -11 -10 -10 -9 -9 -8 -7 -7 -7 -7 -6 -6 -6 -6 -6 -6 -5 -5 -5 -5 -5 -5 -4 -4 -4 -4 -3 -3 -3 -2 -2 -2 -1 --------- Run | Scr Mat Min Mat Min Mat Fac Low Low Dat Pro Fac Low Low Zio Dee Pro Fac Ext Cet Arc Hub Fac Upp Upp War Pro Res Qua Res Tes Sec Acc Distress Signals 36 | . 4 . 2 1 1 . . . . . 1 . . . . . 1 2 2 . 2 . . . . . 4 . 10 2 1 3 Communications Jammed 73 | . . . . . . . . . . . 1 . . . . . 7 7 . 1 . 1 . . . . . . . 6 29 21 Distress Signals 69 | . . . . . . . . . . . . . . . . . 5 7 . 1 . . . . . . . . . 6 29 21 Times Spotted 484 | . 30 4 15 12 19 2 3 7 . 4 37 . 10 . 10 11 41 28 16 5 14 6 . 4 53 5 16 16 26 32 22 36 Peak Tracking Total 22 | . 6 3 4 3 5 1 2 4 . 2 5 . 4 . 6 5 8 7 7 1 9 1 1 2 19 2 7 5 6 6 4 22 Tactical Retreats 26 | . . 1 1 2 1 . . . . . 1 . . . . . 4 3 . . . . 1 . 1 . 1 1 2 2 3 2 Traps | -11 -10 -10 -9 -9 -8 -7 -7 -7 -7 -6 -6 -6 -6 -6 -6 -5 -5 -5 -5 -5 -5 -4 -4 -4 -4 -3 -3 -3 -2 -2 -2 -1 ------- Run | Scr Mat Min Mat Min Mat Fac Low Low Dat Pro Fac Low Low Zio Dee Pro Fac Ext Cet Arc Hub Fac Upp Upp War Pro Res Qua Res Tes Sec Acc Traps Triggered 8 | . 2 . 1 . 1 . . . . . . . . . . . 1 . . . . . . . . . . 1 . 2 . . Indirectly . | . . . . . . . . . . . . . . . . . . . . . . . . . . . . . . . . . Trap Hack Attempts 145 | . 35 . . . . . . . . . 64 . . . . . 46 . . . . . . . . . . . . . . . Triggered 1 | . 1 . . . . . . . . . . . . . . . . . . . . . . . . . . . . . . . Disarmed 2 | . 1 . . . . . . . . . 1 . . . . . . . . . . . . . . . . . . . . . Reprogrammed 15 | . 3 . . . . . . . . . 8 . . . . . 4 . . . . . . . . . . . . . . . Reused 6 | . . . . . . . . . . . . . . . 4 . 1 . . . . . . . . . . . . 1 . . Traps Extracted 11 | . 3 . . . . . . . . . 8 . . . . . . . . . . . . . . . . . . . . . Installed 10 | . . . . . . . . . . . 4 . . . 4 1 . . . . . . . . . . . . . 1 . . Triggered 14 | . . . . . . . 1 . . . . . 2 . . . 3 . . . . . . . 7 . . . . 1 . . Most Traps Carried 10 | . 3 3 3 3 3 3 4 4 4 4 8 8 8 8 8 10 10 6 6 6 6 6 10 10 10 10 10 10 10 10 9 9 Machines | -11 -10 -10 -9 -9 -8 -7 -7 -7 -7 -6 -6 -6 -6 -6 -6 -5 -5 -5 -5 -5 -5 -4 -4 -4 -4 -3 -3 -3 -2 -2 -2 -1 ---------- Run | Scr Mat Min Mat Min Mat Fac Low Low Dat Pro Fac Low Low Zio Dee Pro Fac Ext Cet Arc Hub Fac Upp Upp War Pro Res Qua Res Tes Sec Acc Machines Disabled 36 | . . . 1 . 1 2 1 . . . . . . . 1 . 2 1 . 3 3 . . . 3 . 3 5 1 4 4 1 Max in Single Turn 2 | . . . 1 . 1 2 1 . . . . . . . . . 2 1 . . . . . . 2 . 1 1 1 1 1 1 Garrison Access 11 | . . . . . . . . . . . 3 . . . . . 1 . . . 1 1 . . . . . 1 3 1 . . Network Hub 2 | . . . . . . . . . . . . . . . . . . . . . 2 . . . . . . . . . . . Energy Cycler 1 | . . . . . . . . . . . . . . . . . . 1 . . . . . . . . . . . . . . Machines Sabotaged 2 | . . . . . . . . . . . . . . . . . . . . . 2 . . . . . . . . . . . Garrisons Compromised 1 | . . . . . . . . . . . . . . . . . 1 . . . . . . . . . . . . . . . Overloaded Fab Kills . | . . . . . . . . . . . . . . . . . . . . . . . . . . . . . . . . . Hacking | -11 -10 -10 -9 -9 -8 -7 -7 -7 -7 -6 -6 -6 -6 -6 -6 -5 -5 -5 -5 -5 -5 -4 -4 -4 -4 -3 -3 -3 -2 -2 -2 -1 --------- Run | Scr Mat Min Mat Min Mat Fac Low Low Dat Pro Fac Low Low Zio Dee Pro Fac Ext Cet Arc Hub Fac Upp Upp War Pro Res Qua Res Tes Sec Acc Machines Accessed 92 | . 5 . 4 1 5 6 2 . 4 . 10 . 3 . . 1 8 5 . . 4 5 . . 1 . 7 6 4 6 4 1 Terminals 49 | . 3 . 3 . 5 4 . . . . 4 . . . . 1 5 5 . . 3 . . . . . 4 4 1 4 2 1 Fabricators 8 | . . . . . . 1 . . . . 2 . . . . . 1 . . . . 2 . . . . 1 . . 1 . . Repair Stations 4 | . . . . . . . . . . . 1 . . . . . . . . . . 1 . . . . . 1 . . 1 . Recycling Units 4 | . 2 . . . . 1 . . . . . . . . . . . . . . . 1 . . . . . . . . . . Scanalyzers 4 | . . . 1 . . . . . . . . . . . . . 1 . . . . . . . . . 2 . . . . . Garrison Access 12 | . . . . . . . . . . . 3 . . . . . 1 . . . 1 1 . . . . . 1 3 1 1 . Total Hacks 297 | . 10 . 16 1 15 14 10 . 29 . 22 . 9 . . 5 20 8 . . 10 27 . . 1 . 31 24 6 23 12 4 Successful 177 | . 5 . 14 1 4 4 10 . 29 . 10 . 9 . . 5 10 3 . . 4 18 . . 1 . 18 10 4 13 4 1 Failed 120 | . 5 . 2 . 11 10 . . . . 12 . . . . . 10 5 . . 6 9 . . . . 13 14 2 10 8 3 Catastrophic 18 | . . . . . 1 1 . . . . 1 . . . . . 2 1 . . . . . . . . 2 2 . 2 4 2 Database Lockouts . | . . . . . . . . . . . . . . . . . . . . . . . . . . . . . . . . . Manual 53 | . 3 . . . 8 3 . . . . 2 . . . . . 3 6 1 . 5 4 . . 1 . 3 2 . 8 1 3 Terminals 138 | . 8 . 5 . 15 11 . . . . 9 . . . . 5 11 8 . . 9 . . . . . 11 19 3 14 6 4 Fabricators 31 | . . . . . . 2 . . . . 7 . . . . . 5 . . . . 10 . . . . 1 . . 6 . . Repair Stations 23 | . . . . . . . . . . . 1 . . . . . . . . . . 13 . . . . . 4 . . 5 . Recycling Units 6 | . 2 . . . . 1 . . . . . . . . . . . . . . . 3 . . . . . . . . . . Scanalyzers 32 | . . . 11 . . . . . . . . . . . . . 2 . . . . . . . . . 19 . . . . . Garrison Access 17 | . . . . . . . . . . . 5 . . . . . 2 . . . 1 1 . . . . . 1 3 3 1 . Terminal Hacks 98 | . 3 . 4 1 3 4 10 . 29 . 2 . 9 . . 5 3 . . . 1 . . . 1 . 7 7 1 6 1 1 Record 32 | . . . . . . . 9 . 11 . . . 7 . . 5 . . . . . . . . . . . . . . . . Part Schematic 10 | . . . . . . . . . 10 . . . . . . . . . . . . . . . . . . . . . . . Robot Schematic 5 | . . . . . . . . . 5 . . . . . . . . . . . . . . . . . . . . . . . Prototype ID Bank 4 | . . . . . 1 . . . 3 . . . . . . . . . . . . . . . . . . . . . . . Open Door 6 | . . . . 1 . . 1 . . . . . 2 . . . . . . . . . . . 1 . . 1 . . . . Level Access Points 2 | . . . . . . . . . . . . . . . . . . . . . . . . . . . . 1 . . 1 . Branch Access Points 2 | . . . 1 . . . . . . . . . . . . . 1 . . . . . . . . . . . . . . . Machine Index 1 | . . . . . . . . . . . . . . . . . . . . . . . . . . . . 1 . . . . Terminal Index 5 | . . . . . 1 1 . . . . . . . . . . . . . . . . . . . . 1 1 . . . 1 Fabricator Index 2 | . . . . . . . . . . . . . . . . . . . . . . . . . . . . 1 . 1 . . Repair Station Index 1 | . . . . . . . . . . . . . . . . . . . . . . . . . . . . . . 1 . . Unreport Threat 5 | . . . . . . . . . . . . . . . . . . . . . . . . . . . 3 1 . 1 . . Locate Traps 9 | . 1 . 2 . . 1 . . . . 2 . . . . . 1 . . . . . . . . . 1 . . 1 . . Maintenance Status 3 | . . . 1 . . . . . . . . . . . . . . . . . . . . . . . 1 . . 1 . . Patrol Status 1 | . . . . . . . . . . . . . . . . . . . . . . . . . . . . 1 . . . . Transport Status 2 | . . . . . . 1 . . . . . . . . . . . . . . . . . . . . 1 . . . . . Hauler Manifests 2 | . . . . . 1 . . . . . . . . . . . 1 . . . . . . . . . . . . . . . Registered Components 3 | . 1 . . . . 1 . . . . . . . . . . . . . . . . . . . . . . 1 . . . Registered Prototypes 1 | . . . . . . . . . . . . . . . . . . . . . . . . . . . . . . 1 . . Zone Layout 2 | . 1 . . . . . . . . . . . . . . . . . . . 1 . . . . . . . . . . . Fabricator Hacks 15 | . . . . . . . . . . . 4 . . . . . 3 . . . . 5 . . . . 1 . . 2 . . Network Status 5 | . . . . . . . . . . . 1 . . . . . 1 . . . . 1 . . . . 1 . . 1 . . Load Schematic 7 | . . . . . . . . . . . 2 . . . . . 1 . . . . 3 . . . . . . . 1 . . Build 3 | . . . . . . . . . . . 1 . . . . . 1 . . . . 1 . . . . . . . . . . Repair Station Hacks 14 | . . . . . . . . . . . . . . . . . . . . . . 9 . . . . . 2 . . 3 . Scan Component 8 | . . . . . . . . . . . . . . . . . . . . . . 5 . . . . . 1 . . 2 . Repair 6 | . . . . . . . . . . . . . . . . . . . . . . 4 . . . . . 1 . . 1 . Recycling Unit Hacks 1 | . . . . . . . . . . . . . . . . . . . . . . 1 . . . . . . . . . . Retrieve Components 1 | . . . . . . . . . . . . . . . . . . . . . . 1 . . . . . . . . . . Scanalyzer 20 | . . . 10 . . . . . . . . . . . . . . . . . . . . . . . 10 . . . . . Insert Component 10 | . . . 5 . . . . . . . . . . . . . . . . . . . . . . . 5 . . . . . Analyze 10 | . . . 5 . . . . . . . . . . . . . . . . . . . . . . . 5 . . . . . Garrison Access Hacks 11 | . . . . . . . . . . . 3 . . . . . 1 . . . 1 1 . . . . . 1 3 1 . . Seal Access 11 | . . . . . . . . . . . 3 . . . . . 1 . . . 1 1 . . . . . 1 3 1 . . Unauthorized Hacks 18 | . 2 . . . 1 . . . . . 1 . . . . . 3 3 . . 2 2 . . . . . . . 4 . . Terminals 11 | . . . . . 1 . . . . . . . . . . . 2 3 . . 2 . . . . . . . . 3 . . Assimilate 1 | . . . . . . . . . . . . . . . . . . . . . . . . . . . . . . 1 . . Botnet 6 | . . . . . 1 . . . . . . . . . . . 2 2 . . . . . . . . . . . 1 . . Operators 2 | . . . . . . . . . . . . . . . . . . 1 . . . . . . . . . . . 1 . . Sabotage 2 | . . . . . . . . . . . . . . . . . . . . . 2 . . . . . . . . . . . Fabricators 4 | . . . . . . . . . . . . . . . . . 1 . . . . 2 . . . . . . . 1 . . Prioritize 3 | . . . . . . . . . . . . . . . . . 1 . . . . 1 . . . . . . . 1 . . Recompile 1 | . . . . . . . . . . . . . . . . . . . . . . 1 . . . . . . . . . . Repair Stations 1 | . . . . . . . . . . . 1 . . . . . . . . . . . . . . . . . . . . . Mechanics 1 | . . . . . . . . . . . 1 . . . . . . . . . . . . . . . . . . . . . Recycling Units 2 | . 2 . . . . . . . . . . . . . . . . . . . . . . . . . . . . . . . Tunnel 2 | . 2 . . . . . . . . . . . . . . . . . . . . . . . . . . . . . . . Scanalyzers . | . . . . . . . . . . . . . . . . . . . . . . . . . . . . . . . . . Garrison Access . | . . . . . . . . . . . . . . . . . . . . . . . . . . . . . . . . . Data Cores Recovered . | . . . . . . . . . . . . . . . . . . . . . . . . . . . . . . . . . Used . | . . . . . . . . . . . . . . . . . . . . . . . . . . . . . . . . . Hacking Detections 56 | . 3 . 2 . 4 5 . . . . 7 . . . . . 7 5 1 . 2 3 . . . . 3 3 1 5 4 1 Full Trace Events 8 | . . . . . . 3 . . . . 2 . . . . . 1 . . . . . . . . . . . . 1 . 1 Feedback Events 1 | . . . . . . . . . . . . . . . . . 1 . . . . . . . . . . . . . . . Corruption 1 | . . . . . . . . . . . . . . . . . 1 . . . . . . . . . . . . . . . Feedback Blocked . | . . . . . . . . . . . . . . . . . . . . . . . . . . . . . . . . . Robot Schematics Acquired 6 | . . . . . . . . . 5 . . . . . . . . . . . . . . . . . . . . . 1 . Robots Built . | . . . . . . . . . . . . . . . . . . . . . . . . . . . . . . . . . Authchips . | . . . . . . . . . . . . . . . . . . . . . . . . . . . . . . . . . Time . | . . . . . . . . . . . . . . . . . . . . . . . . . . . . . . . . . Total Robot Build Rating . | . . . . . . . . . . . . . . . . . . . . . . . . . . . . . . . . . Part Schematics Acquired 20 | . . . 5 . . . . . 10 . . . . . . . . . . . . . . . . . 3 . . . 2 . Parts Built 5 | . . . . . . . . . . . 2 . . . . . 1 . . . . 2 . . . . . . . . . . Authchips 3 | . . . . . . . . . . . 1 . . . . . 1 . . . . 1 . . . . . . . . . . Time 169 | . . . . . . . . . . . 31 . . . . . 76 . . . . 62 . . . . . . . . . . Total Part Build Rating 13 | . . . . . . . . . . . 4 . . . . . 5 . . . . 4 . . . . . . . . . . Parts Repaired 6 | . . . . . . . . . . . . . . . . . . . . . . 4 . . . . . 1 . . 1 . Time 464 | . . . . . . . . . . . . . . . . . . . . . . 371 . . . . . 54 . . 39 . Parts Recycled . | . . . . . . . . . . . . . . . . . . . . . . . . . . . . . . . . . Recycled Matter . | . . . . . . . . . . . . . . . . . . . . . . . . . . . . . . . . . Retrieved Matter . | . . . . . . . . . . . . . . . . . . . . . . . . . . . . . . . . . Retrieved Components 2 | . . . . . . . . . . . . . . . . . . . . . . 2 . . . . . . . . . . Parts Scanalyzed 9 | . . . 5 . . . . . . . . . . . . . . . . . . . . . . . 4 . . . . . Part Schematics Acquired 8 | . . . 5 . . . . . . . . . . . . . . . . . . . . . . . 3 . . . . . Parts Damaged . | . . . . . . . . . . . . . . . . . . . . . . . . . . . . . . . . . Bothacking | -11 -10 -10 -9 -9 -8 -7 -7 -7 -7 -6 -6 -6 -6 -6 -6 -5 -5 -5 -5 -5 -5 -4 -4 -4 -4 -3 -3 -3 -2 -2 -2 -1 ------------ Run | Scr Mat Min Mat Min Mat Fac Low Low Dat Pro Fac Low Low Zio Dee Pro Fac Ext Cet Arc Hub Fac Upp Upp War Pro Res Qua Res Tes Sec Acc Used RIF Installer . | . . . . . . . . . . . . . . . . . . . . . . . . . . . . . . . . . Robots Hacked 6 | . . . . 1 . . . . . . 1 . . 2 . . . . . 2 . . . . . . . . . . . . Non-combat 4 | . . . . 1 . . . . . . 1 . . . . . . . . 2 . . . . . . . . . . . . Combat 2 | . . . . . . . . . . . . . . 2 . . . . . . . . . . . . . . . . . . Robot Hacks Applied 7 | . . . . 1 . . . . . . 1 . . 2 . . . . . 3 . . . . . . . . . . . . parse_system 3 | . . . . 1 . . . . . . . . . 2 . . . . . . . . . . . . . . . . . . find_chute 1 | . . . . . . . . . . . 1 . . . . . . . . . . . . . . . . . . . . . check_alert 3 | . . . . . . . . . . . . . . . . . . . . 3 . . . . . . . . . . . . Relay Couplers Released 12 | . . . . . . . . . . . . . . . . . 3 . . . . . . . . . 4 . 2 . 3 . Machine Destruction 2 | . . . . . . . . . . . . . . . . . . . . . . . . . . . . . 2 . . . Programmers 10 | . . . . . . . . . . . . . . . . . 3 . . . . . . . . . 4 . . . 3 . Fabnet Peak Effective % . | . . . . . . . . . . . . . . . . . . . . . . . . . . . . . . . . . Robots Rewired 11 | . . . . . . . 4 . . . . . 2 . . . . 1 . . . . . . 4 . . . . . . . Allies Hacked 1 | . . . . . . . . . . . . . . . . . . . . . . . . . . . . . . 1 . . Hacks Repelled . | . . . . . . . . . . . . . . . . . . . . . . . . . . . . . . . . . Allies | -11 -10 -10 -9 -9 -8 -7 -7 -7 -7 -6 -6 -6 -6 -6 -6 -5 -5 -5 -5 -5 -5 -4 -4 -4 -4 -3 -3 -3 -2 -2 -2 -1 -------- Run | Scr Mat Min Mat Min Mat Fac Low Low Dat Pro Fac Low Low Zio Dee Pro Fac Ext Cet Arc Hub Fac Upp Upp War Pro Res Qua Res Tes Sec Acc Total Allies 35 | . . . . . . . 4 . . 1 . . 2 5 . . . 5 5 . . . . . 4 . . . . 1 . 8 Largest Group 7 | . . . . . . . 4 4 2 3 . . 2 7 7 3 . 4 5 5 5 . . . 4 1 1 . . 1 . 5 Highest-Rated Group 480 | . . . . . . . 124 124 62 158 . . 51 161 161 60 . 257 480 480 480 . . . 260 65 65 . . 26 . 60 Highest-Rated Ally 159 | . . . . . . . 31 31 31 96 . . 31 31 31 20 . 159 134 96 96 . . . 65 65 65 . . 26 . 14 Total Orders 108 | . . . . 1 . 1 7 10 . 15 1 5 11 . . 14 4 . . . . 1 5 5 7 2 3 9 2 1 3 1 STAY 5 | . . . . . . . . . . 1 . . . . . . . . . . . . . . 1 . . 1 1 . 1 . FOLLOW 4 | . . . . . . . . . . 1 . . . . . 1 . . . . . . . . 1 . 1 . . . . . GUARD 2 | . . . . . . . . . . . . . . . . . . . . . . . . . 2 . . . . . . . EXPLORE 33 | . . . . . . . 4 3 . 5 . 3 5 . . 4 1 . . . . . 2 2 2 1 . 1 . . . . RETURN 64 | . . . . 1 . 1 3 7 . 8 1 2 6 . . 9 3 . . . . 1 3 3 1 1 2 7 1 1 2 1 Ally Attacks 310 | . . . . . . . 3 23 . 21 . . 4 . 57 12 . 77 31 22 45 . . . . . . . . . . 15 Total Damage 8529 | . . . . . . . 64 382 . 337 . . 42 . 1231 263 . 2311 692 1064 1835 . . . . . . . . . . 308 Kills 59 | . . . . . . . 1 3 . 2 . . 2 . 12 2 . 20 6 4 7 . . . . . . . . . . . Allies Corrupted 1 | . . . . . . . . . . . . . . . . . . . . . . . . . 1 . . . . . . . Allies Melted 1 | . . . . . . . . . . . . . . . . . . . . . . . . . . . . . 1 . . . Intel | -11 -10 -10 -9 -9 -8 -7 -7 -7 -7 -6 -6 -6 -6 -6 -6 -5 -5 -5 -5 -5 -5 -4 -4 -4 -4 -3 -3 -3 -2 -2 -2 -1 ------- Run | Scr Mat Min Mat Min Mat Fac Low Low Dat Pro Fac Low Low Zio Dee Pro Fac Ext Cet Arc Hub Fac Upp Upp War Pro Res Qua Res Tes Sec Acc Robot Analysis Total . | . . . . . . . . . . . . . . . . . . . . . . . . . . . . . . . . . Derelict Logs Recovered 13 | . . . . 2 . . 1 1 . 2 . . 2 . . 1 . . . . . . 1 3 . . . . . . . . Drone Launches 105 | . . . . 1 1 . 5 8 . 9 8 5 8 . . 13 3 . . . 1 1 3 4 3 2 6 8 8 3 2 3 Drone Recoveries 86 | . . . . 1 . 1 5 8 . 7 1 3 8 . . 10 4 . . . 1 1 3 4 3 1 5 9 5 3 1 2 Exploration | -11 -10 -10 -9 -9 -8 -7 -7 -7 -7 -6 -6 -6 -6 -6 -6 -5 -5 -5 -5 -5 -5 -4 -4 -4 -4 -3 -3 -3 -2 -2 -2 -1 ------------- Run | Scr Mat Min Mat Min Mat Fac Low Low Dat Pro Fac Low Low Zio Dee Pro Fac Ext Cet Arc Hub Fac Upp Upp War Pro Res Qua Res Tes Sec Acc Turns Passed 32991 | 258 1213 362 542 748 950 403 1181 1243 150 744 1645 848 1251 1734 1729 1672 1582 886 299 3214 210 864 902 700 908 576 742 1288 1206 1325 947 669 Spaces Moved 19296 | 138 659 208 222 383 437 231 644 733 92 426 834 622 835 1306 1251 990 887 607 155 484 161 615 698 468 568 485 573 804 866 799 469 646 Core 221 | 3 . . . . . . . . . . . . . . . . . . . 213 . . . . . . . . . . . 5 Treads 3586 | . 202 208 222 383 436 231 644 733 92 426 9 . . . . . . . . . . . . . . . . . . . . . Legs 15142 | 135 457 . . . 1 . . . . . 825 622 835 1306 1226 990 885 607 155 271 161 615 698 468 568 485 573 804 866 799 469 321 Wheels . | . . . . . . . . . . . . . . . . . . . . . . . . . . . . . . . . . Hover 347 | . . . . . . . . . . . . . . . 25 . 2 . . . . . . . . . . . . . . 320 Flight . | . . . . . . . . . . . . . . . . . . . . . . . . . . . . . . . . . Fastest Speed 24 | 50 120 160 160 160 160 162 162 158 158 158 120 120 120 125 48 113 100 102 115 110 110 108 108 108 105 108 108 108 110 110 110 24 Average Speed 136 | 118 132 160 160 160 162 162 164 160 158 158 123 120 121 125 121 128 111 112 147 592 110 108 108 108 107 108 108 115 113 113 139 72 Slowest Speed 1200 | 120 160 160 160 160 260 163 165 165 158 158 260 120 125 125 220 203 200 185 185 1200 110 110 108 108 108 108 183 116 182 115 190 185 Overloaded Moves . | . . . . . . . . . . . . . . . . . . . . . . . . . . . . . . . . . Propulsion Burnouts . | . . . . . . . . . . . . . . . . . . . . . . . . . . . . . . . . . Robots Hopped . | . . . . . . . . . . . . . . . . . . . . . . . . . . . . . . . . . Cave-ins Triggered . | . . . . . . . . . . . . . . . . . . . . . . . . . . . . . . . . . Exploration Rate (%) 58 | 8 68 51 29 81 39 9 98 82 69 93 21 92 98 90 73 82 23 84 57 83 21 8 83 86 89 70 25 62 31 74 19 20 Regions Visited 32 Branch Regions 22 Pre-discovered Areas 8 | . 2 . . . . . 2 . 1 . . . 1 . . . . . . . . . 1 1 . . . . . . . . Known Exits Taken 17 | . . . 1 . 1 1 . . . 1 1 1 1 . . 1 1 . . . 1 1 . 1 . 1 1 1 1 . 1 . Unknown Exits Taken 15 | 1 1 1 . 1 . . 1 1 1 . . . . 1 1 . . 1 1 1 . . 1 . 1 . . . . 1 . . Scrap Searched 32 | . . 1 . 1 . . 4 6 . 1 . 6 2 2 . . . . . . . . 2 2 . 5 . . . . . . Spaces Dug 198 | . . . . . . . . . . . . . . 1 . 22 7 . 93 . 1 1 7 . . . 33 5 5 9 3 11 Terrain Destroyed 965 | . . . . 59 32 4 . . . . . . 8 1 1 65 36 82 270 . 1 3 15 6 17 107 91 6 110 21 14 16 Melee 16 | . . . . . . . . . . . . . . 1 . . 3 . . . 1 . . . . . . 5 2 4 . . Projectile 147 | . . . . . . . . . . . . . . . 1 36 21 18 5 . . 3 15 6 . . 5 1 3 17 4 12 AOE 787 | . . . . 59 32 4 . . . . . . 8 . . 29 11 64 265 . . . . . 17 107 86 . 105 . . . Terrain Rammed . | . . . . . . . . . . . . . . . . . . . . . . . . . . . . . . . . . Walls Destroyed . | . . . . . . . . . . . . . . . . . . . . . . . . . . . . . . . . . Machines Disabled . | . . . . . . . . . . . . . . . . . . . . . . . . . . . . . . . . . Actions | -11 -10 -10 -9 -9 -8 -7 -7 -7 -7 -6 -6 -6 -6 -6 -6 -5 -5 -5 -5 -5 -5 -4 -4 -4 -4 -3 -3 -3 -2 -2 -2 -1 --------- Run | Scr Mat Min Mat Min Mat Fac Low Low Dat Pro Fac Low Low Zio Dee Pro Fac Ext Cet Arc Hub Fac Upp Upp War Pro Res Qua Res Tes Sec Acc Total 24198 | 182 851 223 329 457 596 246 740 783 97 482 1253 724 1044 1398 1431 1303 1266 760 195 800 185 807 825 645 802 528 668 1058 1005 1074 661 780 Wait 2214 | 3 31 3 14 32 32 5 25 18 . 24 149 91 157 48 53 232 86 53 7 266 12 159 109 155 97 18 21 110 29 87 71 17 Move 19264 | 137 658 207 221 382 436 230 643 732 91 425 833 621 834 1305 1250 989 886 606 154 483 160 614 697 467 567 484 572 803 865 798 468 646 Hop . | . . . . . . . . . . . . . . . . . . . . . . . . . . . . . . . . . Pick Up 248 | 8 14 1 14 1 22 . 4 7 . 6 23 3 4 5 16 1 20 3 . 4 . 4 1 2 4 7 11 14 17 17 9 6 Fast Attach 263 | 6 4 . 3 1 9 1 . 1 3 4 14 2 3 8 26 5 25 8 5 12 1 8 . 3 9 1 10 20 8 18 27 18 Attach 107 | 1 4 . 3 . 8 2 . . . . 15 . . . 4 . 10 3 1 1 . 5 . 1 . . 6 5 7 4 11 16 Detach 34 | . . . . . . 1 . . . . 1 . . . 2 . 8 . 2 . . 2 . . . . . 1 2 4 4 7 Swap 292 | 2 11 1 12 6 15 2 11 10 . 6 26 2 9 7 17 14 26 16 4 5 3 5 4 3 7 9 5 10 15 15 4 10 Drop 431 | 1 13 2 17 3 30 . 6 8 3 10 20 5 11 13 39 4 44 13 5 15 2 7 1 4 15 4 21 34 14 38 11 18 Fire 801 | 24 81 9 45 31 44 5 11 7 . 7 96 . 13 . 20 57 80 19 15 2 . 3 13 7 55 5 12 9 14 26 54 37 Melee 230 | . . . . 1 . . . . . . 1 . . 12 . . 33 3 1 10 4 . . . 3 . 10 52 34 66 . . Ram 6 | . . . . . . . . . . . . . . . . . . . . 1 . . . . . . . . . . . 5 Kick 21 | . . . . . . . . . . . 3 . . . . . 2 6 1 1 3 . . 3 . . . . . . 2 . Crush . | . . . . . . . . . . . . . . . . . . . . . . . . . . . . . . . . . Escape Stasis . | . . . . . . . . . . . . . . . . . . . . . . . . . . . . . . . . . Rewire 128 | . . . . . . . 40 . . . . . 13 . . . . 30 . . . . . . 45 . . . . . . . Trap 155 | . 35 . . . . . . . . . 68 . . . 4 1 46 . . . . . . . . . . . . 1 . . Miscellaneous 4 | . . . . . . . . . . . 4 . . . . . . . . . . . . . . . . . . . . . Route ------- -11/Scrapyard -10/Materials (discovered 2 exits: *Mat / [*Min]) -10/Mines (discovered 3 exits: *Mat x2 / [*Exi]) -9/Materials -9/Mines -8/Materials -7/Factory -7/Lower Caves -7/Lower Caves (discovered 2 exits: *Fac / *Dat) -7/Data Miner -6/Proximity Caves -6/Factory (discovered 4 exits: *Fac x3 / *Low) -6/Lower Caves -6/Lower Caves (discovered 2 exits: *Fac / *Zio) -6/Zion (discovered 2 exits: [*Dee] / [*Pro]) -6/Deep Caves -5/Proximity Caves -5/Factory (discovered 6 exits: *Fac x2 / Upp x2 / *Ext x2) -5/Extension (discovered 3 exits: *Fac x2 / *Cet) -5/Cetus (discovered 2 exits: *Fac / *Arc) -5/Archives (discovered 3 exits: *Fac / *Hub x2) -5/Hub_04(d) -4/Factory -4/Upper Caves -4/Upper Caves (discovered 2 exits: *Res / *War) -4/Warlord -3/Proximity Caves -3/Research (discovered 4 exits: *Res / Arm / *Qua x2) -3/Quarantine -2/Research (discovered 2 exits: *Acc / *Tes) -2/Testing (discovered 2 exits: *Acc / *Sec) -2/Section 7 -1/Access History --------- Turn | Location | Event 2 | -11/Scrapyard | Discovered new exit (range 16) 259 | -11/Scrapyard | Entered Materials 300 | -10/Materials | Build established: Mutant 445 | -10/Materials | Discovered new exit (range 8) 576 | -10/Materials | Discovered new exit (range 3) 1050 | -10/Materials | Core integrity fell below 50% 1086 | -10/Materials | Lost 4 parts (2n1u1w) 1472 | -10/Materials | Entered Mines 1505 | -10/Mines | Met a Derelict bent on vengeance 1589 | -10/Mines | Deemed a non-threat by the Exiles lab entrance 1589 | -10/Mines | Discovered new exit (range 5) 1593 | -10/Mines | Build established: Scavenger-Mutant 1639 | -10/Mines | Received a Rocket Launcher from a helpful Derelict 1690 | -10/Mines | Discovered new exit (range 7) 1718 | -10/Mines | Discovered new exit (range 3) 1772 | -10/Mines | Core integrity fell below 20% 1834 | -10/Mines | Entered Materials 1834 | -9/Materials | Evolved 2 slots: Propulsion x1, Utility x1 1912 | -9/Materials | Identified exit to Mines 2376 | -9/Materials | Entered Mines 2429 | -9/Mines | Learned Materials garrison access intel 2547 | -9/Mines | Found the Drone Emporium 2555 | -9/Mines | Found Prototype Device 2555 | -9/Mines | Identified Sensor Drone Bay 2702 | -9/Mines | Assembled infested the area 2707 | -9/Mines | Assisted by a Guerilla fighting off Assembled 3015 | -9/Mines | Discovered new exit (range 15) 3058 | -9/Mines | Learned Materials stockpile data 3124 | -9/Mines | Entered Materials 3124 | -8/Materials | Evolved 2 slots: Propulsion x1, Weapon x1 3126 | -8/Materials | Loaded intel: 1 garrison access location 3482 | -8/Materials | Build established: Scavenger-Tank 3619 | -8/Materials | Discovered new exit (range 16) 3759 | -8/Materials | Lost 3 parts (2n1u) 4073 | -8/Materials | Identified exit to Factory 4074 | -8/Materials | Entered Factory 4074 | -7/Factory | Accompanied by 1 ally 4074 | -7/Factory | Evolved 2 slots: Utility x2 4138 | -7/Factory | Discovered new exit (range 12) 4165 | -7/Factory | Identified exit to Lower Caves 4477 | -7/Factory | Entered Lower Caves 4507 | -7/Lower Caves | Attacked by a delusional Derelict stockpiling Unaware 4695 | -7/Lower Caves | Learned location of Extension (-5) 4826 | -7/Lower Caves | Discovered new exit (range 66) 4899 | -7/Lower Caves | Learned 8 Factory zone layouts 4899 | -7/Lower Caves | Learned Factory emergency access door positions 4899 | -7/Lower Caves | Learned Factory security intel 4899 | -7/Lower Caves | Learned Research garrison access intel 5513 | -7/Lower Caves | Build established: Scavenger-Mutant 5658 | -7/Lower Caves | Entered another Lower Caves area 5658 | -7/Lower Caves | Accompanied by 4 allies 5659 | -7/Lower Caves | Identified exit to Factory 5987 | -7/Lower Caves | Build established: Scavenger-Tank 6225 | -7/Lower Caves | Learned location of 1 exit from Factory 6823 | -7/Lower Caves | Discovered new exit (range 13) 6901 | -7/Lower Caves | Entered Data Miner 6901 | -7/Data Miner | Accompanied by 2 allies 6903 | -7/Data Miner | Discovered new exit (range 6) 6933 | -7/Data Miner | Met Data Miner 6976 | -7/Data Miner | Learned location of Section 7 (-2) 6976 | -7/Data Miner | Acquired the access code to Warlord's prototype stash 6988 | -7/Data Miner | Received God Mode back door access code from Data Miner 7051 | -7/Data Miner | Entered Proximity Caves 7051 | -6/Proximity Caves | Accompanied by 2 allies 7053 | -6/Proximity Caves | Learned location of 1 exit from Factory 7244 | -6/Proximity Caves | Escorted by Enhanced Grunt 7484 | -6/Proximity Caves | Found Prototype Device 7484 | -6/Proximity Caves | Identified Exp. Thermal Shield 7725 | -6/Proximity Caves | Learned Factory terminal intel 7730 | -6/Proximity Caves | Encountered a Derelict sapper outpost 7795 | -6/Proximity Caves | Entered Factory 7795 | -6/Factory | Accompanied by 1 ally 7795 | -6/Factory | Evolved 2 slots: Utility x2 7796 | -6/Factory | Identified exit to Factory 7797 | -6/Factory | Identified exit to Lower Caves 7801 | -6/Factory | Loaded intel: 26 terminal locations 8397 | -6/Factory | Build established: Scavenger-Skirmisher 8514 | -6/Factory | Fabricated Trap Extractor (x2) 8576 | -6/Factory | Garrison activated, responded to threat 9078 | -6/Factory | Lost 18 parts (3p6n5u4w) 9440 | -6/Factory | Entered Lower Caves 9609 | -6/Lower Caves | Build established: Scavenger-Gunner 10100 | -6/Lower Caves | Discovered new exit (range 19) 10287 | -6/Lower Caves | Identified exit to Lower Caves 10288 | -6/Lower Caves | Entered another Lower Caves area 10288 | -6/Lower Caves | Accompanied by 2 allies 10297 | -6/Lower Caves | Discovered exit to Factory (range 8) 10368 | -6/Lower Caves | Learned Research trap positions 10368 | -6/Lower Caves | Learned Armory stockpile data 10368 | -6/Lower Caves | Learned Research garrison access intel 10429 | -6/Lower Caves | Encountered a Warlord checkpoint 10448 | -6/Lower Caves | Learned 4 Factory zone layouts 10975 | -6/Lower Caves | Attacked by a faux Warlord 11116 | -6/Lower Caves | Core integrity fell below 50% 11308 | -6/Lower Caves | Discovered new exit (range 57) 11449 | -6/Lower Caves | Learned 8 Factory zone layouts 11534 | -6/Lower Caves | Identified exit to Zion 11539 | -6/Lower Caves | Entered Zion 11539 | -6/Zion | Accompanied by 2 allies 11581 | -6/Zion | System corruption cleaned by Quarantine Array 11707 | -6/Zion | Discovered new exit (range 15) 12051 | -6/Zion | Received a hallucinogenic algorithm 12132 | -6/Zion | Found Relay Coupler [Programmer] 12502 | -6/Zion | Given A8's code to call for help 12830 | -6/Zion | Gained Derelict followers 13223 | -6/Zion | Discovered new exit (range 3) 13223 | -6/Zion | Saw the warning signs outside the Deep Caves entrance 13273 | -6/Zion | Entered Deep Caves 13273 | -6/Deep Caves | Accompanied by 7 allies 13649 | -6/Deep Caves | Z-Facility disabled 13651 | -6/Deep Caves | Attacked by Z-Imprinter 13671 | -6/Deep Caves | Allies destroyed Z-Imprinter 13737 | -6/Deep Caves | Found Prototype Protection 13737 | -6/Deep Caves | Identified Zio. Weapon Casing 13761 | -6/Deep Caves | Found Prototype Device 13761 | -6/Deep Caves | Identified Zio. Metafield Generator 13980 | -6/Deep Caves | Lost 5 parts (2n1u2w) 13982 | -6/Deep Caves | Found Zio. Weapon Casing 14006 | -6/Deep Caves | Found Prototype Protection 14006 | -6/Deep Caves | Identified Zio. Heavy Carapace 14498 | -6/Deep Caves | Found Surveybot 24 Chip 14977 | -6/Deep Caves | Discovered new exit (range 6) 15002 | -6/Deep Caves | Entered Proximity Caves 15002 | -5/Proximity Caves | Accompanied by 3 allies 16216 | -5/Proximity Caves | Attracted the attention of an 0b10 base 16216 | -5/Proximity Caves | Learned Extension stockpile data 16216 | -5/Proximity Caves | Learned Armory trap positions 16216 | -5/Proximity Caves | Learned 6 Lower Caves zone layouts 16216 | -5/Proximity Caves | Learned 8 Research zone layouts 16340 | -5/Proximity Caves | Discovered exit to Factory (range 10) 16489 | -5/Proximity Caves | Build established: Trapper-Mutant 16674 | -5/Proximity Caves | Entered Factory 16674 | -5/Factory | Accompanied by 1 ally 16674 | -5/Factory | Evolved 2 slots: Power x1, Utility x1 16675 | -5/Factory | Identified exit to Factory 16847 | -5/Factory | Fabricated Lgt. Regenerative Plating? 17273 | -5/Factory | Discovered exit to Factory (range 15) 17480 | -5/Factory | Cargo convoy interrupted 17624 | -5/Factory | Found Prototype Slashing Weapon 17624 | -5/Factory | Identified Centrium Greatsword 17625 | -5/Factory | Lost 3 parts (1p1u1w) 17659 | -5/Factory | Found Prototype Device 17659 | -5/Factory | Identified Femtoactuators 17719 | -5/Factory | Found Prototype Energy Cannon 17719 | -5/Factory | Identified Exp. Thermic Cannon 17849 | -5/Factory | Found Centrium Greatsword 18123 | -5/Factory | Identified exit to Upper Caves 18123 | -5/Factory | Identified exit to Extension 18256 | -5/Factory | Entered Extension 18356 | -5/Extension | Energy Cycler disabled 18356 | -5/Extension | Rescued a captive Derelict 18356 | -5/Extension | Rescued a captive Derelict 18356 | -5/Extension | Rescued a captive Derelict 18356 | -5/Extension | Rescued a captive Derelict 18356 | -5/Extension | Rescued a captive Derelict 18360 | -5/Extension | Rescued a captive Derelict 18365 | -5/Extension | Rescued a captive Derelict 18428 | -5/Extension | Rescued A7 18760 | -5/Extension | Spotted B-75 Beast 18779 | -5/Extension | Allies destroyed B-75 Beast 18789 | -5/Extension | Discovered exit to Factory (range 15) 18808 | -5/Extension | Spotted B-75 Beast 18831 | -5/Extension | Allies destroyed B-75 Beast 18856 | -5/Extension | First assault squad dispatched 18921 | -5/Extension | Build established: Scavenger-Tank 18925 | -5/Extension | System corruption reached 10% 18970 | -5/Extension | Found Prototype Protection 18970 | -5/Extension | Identified Med. Regenerative Plating 19122 | -5/Extension | Discovered exit to Factory (range 10) 19123 | -5/Extension | Discovered new exit (range 6) 19142 | -5/Extension | Entered Cetus 19142 | -5/Cetus | Accompanied by 1 ally (A7) 19147 | -5/Cetus | Acquired a Cetus Manufacturing Module code from A7 19167 | -5/Cetus | Spotted Cetus Guard 19167 | -5/Cetus | Spotted Cetus Guard 19170 | -5/Cetus | Spotted Cetus Guard 19170 | -5/Cetus | Spotted Cetus Guard 19174 | -5/Cetus | Destroyed Cetus Guard 19174 | -5/Cetus | Destroyed Cetus Guard 19181 | -5/Cetus | Allies destroyed Cetus Guard 19190 | -5/Cetus | Core integrity fell below 50% 19190 | -5/Cetus | Destroyed Cetus Guard 19244 | -5/Cetus | Started Cetus Manufacturing Module 19269 | -5/Cetus | Manufactured an Enhanced Grunt 19292 | -5/Cetus | Extracted ID and sensor layout for unrecognized location from A7's data core 19294 | -5/Cetus | Manufactured an Enhanced Grunt 19308 | -5/Cetus | Discovered new exit (range 15) 19319 | -5/Cetus | Manufactured an Enhanced Grunt 19344 | -5/Cetus | Manufactured an Enhanced Grunt 19344 | -5/Cetus | Spotted Cetus Guard 19345 | -5/Cetus | Spotted Cetus Guard 19349 | -5/Cetus | Destroyed Cetus Guard 19349 | -5/Cetus | Destroyed Cetus Guard 19354 | -5/Cetus | Destroyed Cetus Guard 19359 | -5/Cetus | Spotted Cetus Guard 19364 | -5/Cetus | Allies destroyed Cetus Guard 19369 | -5/Cetus | Manufactured an Enhanced Grunt 19374 | -5/Cetus | Discovered exit to Factory (range 15) 19384 | -5/Cetus | Met Revision 17 19441 | -5/Cetus | Entered Archives 19441 | -5/Archives | Accompanied by 5 allies 19498 | -5/Archives | Discovered exit to Factory (range 15) 19513 | -5/Archives | Discovered new exit (range 15) 19586 | -5/Archives | Build established: Scavenger-Mutant 19854 | -5/Archives | Unable to access archive contents 22580 | -5/Archives | Discovered new exit (range 15) 22655 | -5/Archives | Entered Hub_04(d) 22655 | -5/Hub_04(d) | Accompanied by 5 allies 22756 | -5/Hub_04(d) | Spotted B-75 Beast 22761 | -5/Hub_04(d) | Garrison activated, responded to threat 22841 | -5/Hub_04(d) | Discovered exit to Factory (range 14) 22841 | -5/Hub_04(d) | Network Hub disabled 22853 | -5/Hub_04(d) | Network Hub disabled 22858 | -5/Hub_04(d) | Spotted Lightning 22859 | -5/Hub_04(d) | Spotted Lightning 22860 | -5/Hub_04(d) | Spotted Lightning 22865 | -5/Hub_04(d) | Entered Factory 22865 | -4/Factory | Evolved 2 slots: Propulsion x1, Utility x1 23098 | -4/Factory | Found Antimissile System 23232 | -4/Factory | Build established: Scavenger-Tank 23240 | -4/Factory | Repaired Centrium Greatsword 23351 | -4/Factory | Repaired Centrium Medium Armor Plating? 23479 | -4/Factory | Repaired Imp. Transmission Jammer 23565 | -4/Factory | Fabricated Trap Extractor? 23590 | -4/Factory | Repaired Enh. Biometal Leg 23609 | -4/Factory | Discovered new exit (range 12) 23619 | -4/Factory | Build established: Scavenger-Mutant 23625 | -4/Factory | Identified exit to Upper Caves 23729 | -4/Factory | Entered Upper Caves 23879 | -4/Upper Caves | Encountered a Warlord checkpoint 23916 | -4/Upper Caves | Learned location of Armory (-3) 24299 | -4/Upper Caves | Discovered new exit (range 16) 24509 | -4/Upper Caves | Build established: Trapper-Mutant 24631 | -4/Upper Caves | Entered another Upper Caves area 24637 | -4/Upper Caves | Learned location of Quarantine (-3) 24714 | -4/Upper Caves | Learned Research stockpile data 24751 | -4/Upper Caves | Encountered a Warlord checkpoint 24760 | -4/Upper Caves | Discovered new exit (range 7) 24775 | -4/Upper Caves | Identified exit to Research 24935 | -4/Upper Caves | Build established: Trapper-Tank 25176 | -4/Upper Caves | Discovered new exit (range 19) 25197 | -4/Upper Caves | Identified exit to Warlord 25331 | -4/Upper Caves | Entered Warlord 25368 | -4/Warlord | System corruption cleaned by Quarantine Array 25625 | -4/Warlord | Build established: Trapper-Mutant 25710 | -4/Warlord | Met Warlord 25720 | -4/Warlord | Opened Warlord's prototype stash 25724 | -4/Warlord | Found Prototype Device 25724 | -4/Warlord | Identified Thermal Barrier 25735 | -4/Warlord | Warlord's base attacked by MAIN.C 25753 | -4/Warlord | Found Prototype Processor 25753 | -4/Warlord | Identified Exp. Armor Integrity Analyzer 26080 | -4/Warlord | Spotted Executioner 26082 | -4/Warlord | Spotted Executioner 26085 | -4/Warlord | Warlord forces counterattacked 26105 | -4/Warlord | Spotted Executioner 26117 | -4/Warlord | Destroyed Executioner 26139 | -4/Warlord | Spotted Striker 26193 | -4/Warlord | Discovered new exit (range 14) 26239 | -4/Warlord | Entered Proximity Caves 26239 | -3/Proximity Caves | Accompanied by 1 ally 26757 | -3/Proximity Caves | Discovered exit to Research (range 10) 26815 | -3/Proximity Caves | Entered Research 26815 | -3/Research | Accompanied by 2 allies 26815 | -3/Research | Evolved 2 slots: Utility x2 26816 | -3/Research | Identified exit to Armory 26816 | -3/Research | Identified exit to Quarantine 26818 | -3/Research | Loaded intel: 88 trap records 26820 | -3/Research | Loaded intel: 3 garrison access locations 26916 | -3/Research | Found Antimissile System 27015 | -3/Research | Revision forces began assault on 0b10 27053 | -3/Research | Met up with Revision 17++ 27063 | -3/Research | Destroyed 10 combat bots 27089 | -3/Research | Found Antimissile System 27234 | -3/Research | Discovered new exit (range 13) 27249 | -3/Research | Identified exit to Research 27312 | -3/Research | Found Unknown Launcher 27312 | -3/Research | Identified Fusion Bomb Launcher 27515 | -3/Research | Research terminal network offline 27545 | -3/Research | Discovered exit to Quarantine (range 12) 27557 | -3/Research | Entered Quarantine 27557 | -3/Quarantine | Accompanied by 1 ally 27616 | -3/Quarantine | Found Alien Slashing Weapon 27618 | -3/Quarantine | Identified Sigix Broadsword 27650 | -3/Quarantine | Spotted Alpha 7 27700 | -3/Quarantine | Destroyed Alpha 7 27711 | -3/Quarantine | Found Prototype Ballistic Gun 27711 | -3/Quarantine | Identified Multirail 27716 | -3/Quarantine | Found Prototype Processor 27716 | -3/Quarantine | Identified Exp. Targeting Computer 27766 | -3/Quarantine | Found Alien Launcher 27766 | -3/Quarantine | Identified Sigix Terminator 27926 | -3/Quarantine | Found Alien Artifact 27930 | -3/Quarantine | Identified Subatomic Replicator 27930 | -3/Quarantine | Used Subatomic Replicator to replicate Sigix Broadsword 28005 | -3/Quarantine | Build established: Scavenger-Mutant 28025 | -3/Quarantine | Found Alien Artifact 28025 | -3/Quarantine | Identified Phase Redirector 28545 | -3/Quarantine | Repaired Centrium Medium Armor Plating 28606 | -3/Quarantine | Found Alien Energy Cannon 28606 | -3/Quarantine | Identified Core Cannon 28845 | -3/Quarantine | Entered Research 28845 | -2/Research | Warlord forces began assault on 0b10 28845 | -2/Research | Evolved 2 slots: Propulsion x1, Utility x1 28846 | -2/Research | Loaded intel: 4 garrison access locations 28955 | -2/Research | Research machine network offline 29176 | -2/Research | Met up with Warlord 29370 | -2/Research | Found Powered Armor 29372 | -2/Research | Found Powered Armor 29405 | -2/Research | Build established: Trapper-Gladiator 29583 | -2/Research | Spotted Striker 29668 | -2/Research | Destroyed Striker 29745 | -2/Research | Borebot progress halted 29758 | -2/Research | Spotted Executioner 29758 | -2/Research | Spotted Executioner 29767 | -2/Research | Destroyed Executioner 29901 | -2/Research | Build established: Trapper-Mutant 29934 | -2/Research | Borebot progress halted 29937 | -2/Research | Spotted B-90 Cyclops 29941 | -2/Research | Spotted B-90 Cyclops 29973 | -2/Research | Discovered new exit (range 3) 29980 | -2/Research | Identified exit to Access 30014 | -2/Research | Discovered new exit (range 7) 30026 | -2/Research | Identified exit to Testing 30051 | -2/Research | Entered Testing 30051 | -2/Testing | Accompanied by 1 ally 30076 | -2/Testing | Found Prototype Processor 30076 | -2/Testing | Identified Exp. Core Analyzer 30169 | -2/Testing | Found Prototype Leg 30169 | -2/Testing | Identified Myomer Exoskeleton 30358 | -2/Testing | Build established: Scavenger-Mutant 30524 | -2/Testing | Found Prototype Ballistic Cannon 30524 | -2/Testing | Identified Perforator 30544 | -2/Testing | Spotted Striker 30755 | -2/Testing | Core integrity fell below 50% 30887 | -2/Testing | Discovered exit to Access (range 16) 31014 | -2/Testing | Build established: Scavenger-Gladiator 31063 | -2/Testing | System corruption reached 10% 31122 | -2/Testing | Lost 3 parts (2u1w) 31266 | -2/Testing | Incoming investigation squad redirected 31279 | -2/Testing | Spotted Fortress 31338 | -2/Testing | Lost 5 parts (2p2u1w) 31369 | -2/Testing | Discovered new exit (range 6) 31376 | -2/Testing | Entered Section 7 31397 | -2/Section 7 | Build established: Trapper-Mutant 31424 | -2/Section 7 | Found Alien Artifact 31533 | -2/Section 7 | Found Quantum Capacitor 31548 | -2/Section 7 | Scanned by Researcher 31603 | -2/Section 7 | Spotted S7 Guard 31624 | -2/Section 7 | Repaired Broken Adv. Cooling System? 31663 | -2/Section 7 | Found Alien Artifact 31693 | -2/Section 7 | Identified Core Membrane 31693 | -2/Section 7 | Installed Core Membrane, gained immunity to corruption 31736 | -2/Section 7 | Found Alien Artifact 32005 | -2/Section 7 | Lost 10 parts (3p1n5u1w) 32005 | -2/Section 7 | Found Hvy. Reactive Plating 32064 | -2/Section 7 | Spotted B-90 Cyclops 32112 | -2/Section 7 | Build established: Scavenger-Gunner 32121 | -2/Section 7 | Core integrity fell below 20% 32304 | -2/Section 7 | Found Alien Artifact 32323 | -2/Section 7 | Entered Access 32323 | -1/Access | Evolved 2 slots: Power x1, Propulsion x1 32442 | -1/Access | Build established: Scavenger-Mutant 32731 | -1/Access | Intercept squad dispatched 32743 | -1/Access | Spotted Tracker 32744 | -1/Access | Spotted Tracker 32764 | -1/Access | Destroyed Tracker 32781 | -1/Access | Spotted Combat Programmer 32782 | -1/Access | Spotted Combat Programmer 32934 | -1/Access | Identified Integrated Dissipator 32934 | -1/Access | Installed Integrated Dissipator, increased core heat dissipation (+20) 32940 | -1/Access | Core integrity fell below 50% 32957 | -1/Access | Intercept squad dispatched 32960 | -1/Access | Identified Core Reset Matrix 32960 | -1/Access | Identified Spacefold Activator 32960 | -1/Access | Used Core Reset Matrix 32980 | -1/Access | Spotted Tracker 32980 | -1/Access | Spotted Tracker 32981 | -1/Access | Emitted hypermatrix ping 32981 | -1/Access | Spotted Combat Programmer 32985 | -1/Access | Core integrity fell below 20% 32986 | -1/Access | Assembled emerged from beneath the floor 32992 | -1/Access | Destroyed by P-80 Master with Gamma Rifle Last Messages --------------- 32987_ Slug penetrates G-73 Enforcer. 32987_ Acquired Quantum Reactor. 32988_ as-85245 destroyed. 32989_ Slug penetrates as-94838. 32989_ Penetrated by EMDS Slug. 32989_ Acquired Core Cannon. 32989_ Slug penetrates as-02143. 32989_ Slug penetrates H-88 Terminator. 32989_ Slug penetrates G-73 Enforcer. 32990_ as-94838 destroyed. 32990_ as-02143 suffers critical hit (Burn). 32990_ Slug penetrates as-02143. 32990_ as-02143 destroyed. 32990_ Combat Programmer resets H-88 Terminator, system corruption cleaned. 32991_ EMDS Slug penetrates as-00967. 32991_ as-00967 destroyed. 32991_ P-80 Master misfires. 32991_ as-16599 destroyed. 32991_ Slug penetrates as-31346. 32991_ as-31346 destroyed. Map ----- +----------------------------------------------------+ | ?????????????????????????????????????????????????? | | ?????????????????????????????????????????????????? | | ?????????????????????????????????????????????????? | | ?????????????????????????????????????????????????? | | ?????????????????????????????????????????????????? | | ?????????????????????????????????????????????????? | | ?????????????????????????????????????????????????? | | ?????######??????????????????????????????????????? | | ?????# ##########?????????????????????????????? | | ?????# ####??????????????????????????? | | ????## #??????????????????????????? | | ????#" ####### #??????????????????????????? | | ????##"#### / #??????????????????????????? | | ?????##???# # pp +??????????????????????????? | | ??????????# # #???????????? ?????????????? | | ??????????# # h #??????????? #????????????? | | ??????????# # h /?????????? ?????????????? | | ??????????# # %#????????? ??????????????? | | ??????????# # gg% ######??? ????????????????? | | ??????????# # % ###/#######???????????? | | ??????????# # ] % ???????????? | | ??????????# # !%! ???????????? | | ??????????####### =! ! ???????????? | | ????????????????#g%%!]! ##########?????????????? | | ????????????????# gg! #??????????????????????? | | ????????????????# h @#??????????????????????? | | ????????????????# ; ?????????????????????? | | ????????????????#ph # ???????????????????? | | ????????????????# p # ?????????????????? | | ????????????????# #? ???????????????? | | ????????????????+ #?? ?????????????? | | ??????????????? # #??########????????????? | | ??????????????? # ###+####??????????????????????? | | ??????????????+?# ??????????????????????????????? | | ????????????? ?# ??????????????????????????????? | | ????????????????# ??????????????????????????????? | | ????????????????# ???????????????????????????????? | | ?????????????????????????????????????????????????? | | ?????????????????????????????????????????????????? | | ?????????????????????????????????????????????????? | | ?????????????????????????????????????????????????? | | ?????????????????????????????????????????????????? | | ?????????????????????????????????????????????????? | | ?????????????????????????????????????????????????? | | ?????????????????????????????????????????????????? | | ?????????????????????????????????????????????????? | | ?????????????????????????????????????????????????? | | ?????????????????????????????????????????????????? | | ?????????????????????????????????????????????????? | | ?????????????????????????????????????????????????? | +----------------------------------------------------+ Best States ------------- Heat Dissipation 118 Coolant Potential 100 Energy Generation 63 Energy Capacity 900 Matter Stores 416 Matter Capacity 600 Sight Range 16 Terrain Scan Range 18 Terrain Scan Density 2010 Jamming Range 16 Power Amplification 20 Additional Mass Support 16 EM Shielding 4 Corruption Block 18 Armor Coverage 1200 Resistance: KI 40 Core Shielding 30 Utility Shielding 66 Weapon Shielding 100 Point Defense Rating 240 Melee Speed Boost 50 Phase Shifting 15 Evasion (%) 76 Targeting Accuracy 16 Melee Accuracy 8 Target Analysis 12 Core Analysis 9 Recoil Reduction 4 Offensive Hacking 22 Defensive Hacking 14 Authchip Count 1 Trap Extractor Capacity 6 Item Schematics ----------------- None Robot Schematics ------------------ None Fabricated ------------ Trap Extractor | x2 | -6/Factory | Authchip Lgt. Regenerative Plating | x1 | -5/Factory | Authchip Trap Extractor | x2 | -4/Factory | Authchip Alien Tech Used ----------------- Sigix Broadsword Sigix Terminator Subatomic Replicator Phase Redirector Core Cannon Core Membrane Integrated Dissipator Core Reset Matrix Achievements -------------- None Challenges ------------ None Game ------ Seed BiometalShockProtection Manual? 0 Play Time 06:22:04 Cumulative 297.7 hours Start 2022.12.20 @ 19:19:58 End 2022.12.21 @ 02:04:54 Sessions 1 Manual Loads 0 Difficulty Rogue Special Mode None Game No. 194 Rogue 171 Adventurer 6 Explorer 17 Win Type - Total 22 Types 14/0/4/1/0/1/1/1/0 Lore% 95 Gallery% 94 Achievement% 75 Wizard Run 0 Options --------- ASCII 0 Keyboard 0 Movement Numpad Keybinds 0 Fullscreen 1 Font 12/Fuzzy Map View 83x54 Tactical HUD 1 Map Filters NONE Filters NONE Steam 1 RUN: 733b3e89-9665-490e-be94-0b77deaf39d9